 Dungeon Crawl Stone Soup version 0.30-a0-743-gbfdf073431 (webtiles) character file.

Game seed: 13648243590385392345

971249 Esekla the Archmage (level 27, -16/256 HPs)
             Began as an Octopode Delver on Feb 5, 2023.
             Was an Initiate of Gozag.
             Demolished by a frost giant
             ... wielding a +2 battleaxe of freezing
              (27 damage)
             ... while paralysed by a wendigo
             ... on level 5 of Cocytus on Feb 8, 2023.
             The game lasted 17:20:33 (101745 turns).

Esekla the Archmage (Octopode Delver)             Turns: 101745, Time: 17:20:34

Health: -16/256    AC: 51    Str: 18    XL:     27
Magic:  51/54      EV:  2    Int: 28    God:    Gozag
Gold:   6338       SH:  0    Dex: 19    Spells: 0/80 levels left

rFire   + + +      SeeInvis .    x - +6 long sword (vamp)
rCold   + + +      Faith    .    B - +2 shield of Resistance {rF++ rC++ Will++}
rNeg    + . .      Spirit   .    i - +2 hood of the Assassin {Detect Stab+ Stlth++}
rPois   ∞          Reflect  .    d - amulet "Dyijioxt" {RegenMP Regen+ Str+2}
rElec   +          Harm     .    m - +4 ring of protection
rCorr   .          Rampage  .    Q - ring "Gulo" {rF+++ rC+ Will+ Dex+3 Slay+4}
Will    +++++      Rage     3%   E - +4 ring of slaying Stlth *+++++++++
                                 Y - ring of Uskayaw's Inspiration {Str+3 Int+6}
HPRegen 1.42/turn                P - +4 ring of protection
MPRegen 0.74/turn                z - ring of Wemneun {AC+4 Str-3 Dex+3 Slay+2 Stlth+}
                                 q - +4 ring of slaying
                                 u - ring of the Tortoise {AC+8}

@: paralysed, statue-form, wereblooded, gold aura, on berserk cooldown, very
slightly contaminated, slowed, studying 2 skills, unable to drink, very slow
A: slow and powerful, torment resistance 1, boosted hp, almost no armour,
amphibious, 8 rings, camouflage 1, (gelatinous body 1), nimble swimmer 1,
tentacles, tentacle spike 1, berserk 1, dopey 1, strong 1, heat vulnerability 1
}: 7/15 runes: barnacled, slimy, silver, obsidian, bone, abyssal, gossamer
a: End Transformation, Renounce Religion, Potion Petition, Call Merchant, Bribe
Branch


You were on level 5 of Cocytus.
You worshipped Gozag.
Gozag was greatly pleased with you.
You were a living statue of rough stone.
You visited 16 branches of the dungeon, and saw 76 of its levels.
You visited the Abyss 4 times.
You visited 1 ziggurat, and saw 17 of its levels.
You also visited: Trove, Bailey and Gauntlet.

You collected 51105 gold pieces.
You spent 11316 gold pieces at shops.
You paid 33451 gold pieces to Gozag.

Inventory:

Hand Weapons
 a - the +11 Singing Sword {sonic wave}
   (You found it on level 5 of the Pits of Slime)
 c - the +7 falchion of Gozag's Favour {drain, Int+3}
   (You found it on level 3 of the Spider Nest)

   Int:       It affects your intelligence (+3).
 e - a +5 demon blade of electrocution
 f - a +4 long sword of flaming
 g - a +9 scimitar of protection
 s - the +1 dagger of Kyaxtat {flame, rPois rN++ SInv Stlth+}
   (You found it on level 3 of the Elven Halls)

   rPois:     It protects you from poison.
   rN:        It greatly protects you from negative energy.
   SInv:      It lets you see invisible.
   Stlth:     It makes you more stealthy.
 w - a +5 eudemon blade of holy wrath
 x - a +6 vampiric long sword (weapon)
Missiles
 n - 45 boomerangs (quivered)
 C - 12 curare-tipped darts
 G - 36 poisoned darts
Armour
 i - the +2 hood of the Assassin (worn) {Detect Stab+ Stlth++}
   (You found it in a treasure trove)

   Detect:    It allows the wearer to sense nearby creatures.
   Stab+:     It allows the wearer to make particularly effective stabbing
   attacks against helpless or unaware enemies with any weapon.
   Stlth:     It makes you much more stealthy.
 B - the +2 shield of Resistance (worn) {rF++ rC++ Will++}
   (You acquired it on level 15 of a ziggurat)

   rF:        It greatly protects you from fire.
   rC:        It greatly protects you from cold.
   Will:      It greatly increases your willpower.
 H - the +8 kite shield "Kogais" {Str+3 Int+3 Dex+4 SInv}
   (You acquired it on level 11 of the Dungeon)

   Str:       It affects your strength (+3).
   Int:       It affects your intelligence (+3).
   Dex:       It affects your dexterity (+4).
   SInv:      It lets you see invisible.
Jewellery
 d - the amulet "Dyijioxt" (around mantle) {RegenMP Regen+ Str+2}
   (You found it on level 7 of Gehenna)

   [amulet of magic regeneration]

   It increases your rate of magic regeneration.
   Str:       It affects your strength (+2).
   Regen:     It increases your rate of health regeneration.
 j - the ring "Iguollil" {rC+ Int+3}
   (You found it on level 15 of a ziggurat)

   [ring of protection from cold]

   Int:       It affects your intelligence (+3).
   rC:        It protects you from cold.
 m - a +4 ring of protection (left tentacle)
 q - a +4 ring of slaying (on tentacle)
 u - the ring of the Tortoise (on tentacle) {AC+8}
   (You bought it in a shop on level 2 of the Depths)

   [ring of protection]

   AC:        It affects your AC (+8).
 z - the ring of Wemneun (on tentacle) {AC+4 Str-3 Dex+3 Slay+2 Stlth+}
   (You found it on level 7 of a ziggurat)

   [ring of protection]

   AC:        It affects your AC (+4).
   Str:       It affects your strength (-3).
   Dex:       It affects your dexterity (+3).
   Slay:      It affects your accuracy & damage with ranged weapons and melee
   (+2).
   Stlth:     It makes you more stealthy.
 E - a +4 ring of slaying (on tentacle)
 P - a +4 ring of protection (on tentacle)
 Q - the ring "Gulo" (right tentacle) {rF+++ rC+ Will+ Dex+3 Slay+4}
   (You found it on level 3 of the Crypt)

   [ring of slaying]

   Dex:       It affects your dexterity (+3).
   Slay:      It affects your accuracy & damage with ranged weapons and melee
   (+4).
   rF:        It renders you almost immune to fire.
   rC:        It protects you from cold.
   Will:      It increases your willpower.
 R - the ring "Laser" {Wiz Str+3 Stlth+}
   (You found it on level 5 of the Vaults)

   [ring of wizardry]

   It improves your spell success rate.
   Str:       It affects your strength (+3).
   Stlth:     It makes you more stealthy.
 X - the amulet of Temptation {RegenMP Harm +Inv rF- rN+++}
   (You bought it in a shop on level 15 of the Dungeon)

   [amulet of magic regeneration]

   It increases your rate of magic regeneration.
   rF:        It makes you vulnerable to fire.
   rN:        It renders you almost immune to negative energy.
   +Inv:      It lets you turn invisible.
   Harm:      It increases damage dealt and taken.
 Y - the ring of Uskayaw's Inspiration (on tentacle) {Str+3 Int+6}
   (You found it on level 4 of the Shoals)

   [ring of intelligence]

   Str:       It affects your strength (+3).
   Int:       It affects your intelligence (+6).
Wands
 t - a wand of digging (30)
 D - a wand of flame (136)
 I - a wand of paralysis (50)
 N - a wand of acid (22)
 O - a wand of mindburst (52)
 S - a wand of iceblast (17)
Scrolls
 b - 8 scrolls of fog
 k - 8 scrolls of magic mapping
 o - 8 scrolls of silence
 A - 5 scrolls of blinking
 V - 5 scrolls of poison
 Z - 26 scrolls of teleportation


   Skills:
 - Level 18.4 Fighting
 - Level 3.0(10.9) Short Blades
 - Level 16.0(16.1) Long Blades
 - Level 4.3 Throwing
 O Level 27 Dodging
 - Level 14.0 Stealth
 - Level 14.1 Shields
 O Level 27 Spellcasting
 + Level 19.3 Conjurations
 - Level 4.4 Summonings
 * Level 22.7 Necromancy
 - Level 2.0 Translocations
 - Level 11.7 Transmutations
 - Level 11.0 Fire Magic
 + Level 21.3 Ice Magic
 - Level 13.6 Air Magic
 - Level 10.3 Earth Magic
 - Level 9.0 Poison Magic
 + Level 1.0 Evocations


You couldn't memorise any spells.
You knew the following spells:

 Your Spells              Type           Power      Damage    Failure   Level
a - Statue Form           Tmut/Erth      52%        N/A       2%          6
b - Blink                 Tloc           98%        N/A       1%          2
c - Mephitic Cloud        Conj/Pois/Air  86%        N/A       0%          3
d - Vampiric Draining     Necr           100%       2d13      0%          3
g - Ozocubu's Refrigerat  Ice            51%        4d18      1%          7
i - Irradiate             Conj/Tmut      45%        3d26      1%          5
k - Airstrike             Air            42%        2d(7-23)  1%          4
l - Necromutation         Tmut/Necr      47%        N/A       8%          8
m - Maxwell's Capacitive  Air            42%        ∞         30%         8
n - Ignite Poison         Fire/Tmut/Pois 77%        N/A       1%          3
o - Scorch                Fire           100%       2d10      1%          2
p - Apportation           Tloc           98%        N/A       1%          1
r - Frozen Ramparts       Ice            100%       1d16      0%          3
s - Summon Lightning Spi  Summ/Air       73%        N/A       1%          4
u - Dispel Undead         Necr           100%       3d31      0%          4
v - Poisonous Vapours     Pois/Air       100%       N/A       1%          2
w - Wereblood             Tmut           80%        N/A       0%          2
x - Olgreb's Toxic Radia  Pois           73%        N/A       1%          4
y - Sticky Flame          Conj/Fire      89%        2d10      1%          4
z - Freezing Cloud        Conj/Ice/Air   48%        6-21      1%          5

Your spell library contained the following spells:

 Spells                   Type           Power      Damage    Failure   Level
 Beastly Appendage        Tmut           100%       N/A       0%          1
 Foxfire                  Conj/Fire      100%       2x1d9     0%          1
 Freeze                   Ice            100%       1d10      0%          1
 Magic Dart               Conj           100%       1d8       0%          1
 Necrotise                Necr           100%       1d9       0%          1
 Shock                    Conj/Air       100%       1d9       0%          1
 Cigotuvi's Dreadful Rot  Necr/Pois/Air  100%       N/A       0%          2
 Static Discharge         Conj/Air       100%       2-7/arc   0%          2
 Sublimation of Blood     Necr           100%       N/A       0%          2
 Hailstorm                Conj/Ice       100%       3d20      0%          3
 Stone Arrow              Conj/Erth      100%       3d13      0%          3
 Swiftness                Air            85%        N/A       0%          3
 Ice Form                 Ice/Tmut       92%        N/A       0%          4
 Agony                    Necr           100%       N/A       0%          5
 Iskenderun's Battlesphe  Conj           98%        2d14      0%          5
 Sandblast                Erth           100%       2d20      1%          1
 Slow                     Hex            100%       N/A       1%          1
 Sting                    Tmut/Pois      100%       1d8       1%          1
 Summon Small Mammal      Summ           100%       N/A       1%          1
 Call Imp                 Summ           58%        N/A       1%          2
 Ensorcelled Hibernation  Hex/Ice        100%       N/A       1%          2
 Lesser Beckoning         Tloc           98%        N/A       1%          2
 Momentum Strike          Conj/Tloc      100%       3d10      1%          2
 Passwall                 Tmut/Erth      65%        N/A       1%          2
 Call Canine Familiar     Summ           58%        N/A       1%          3
 Inner Flame              Hex/Fire       62%        N/A       1%          3
 Kindle Blastsparks       Fire/Tloc/Air  100%       2d18      1%          3
 Spider Form              Tmut/Pois      77%        N/A       1%          3
 Summon Guardian Golem    Hex/Summ       50%        N/A       1%          3
 Teleport Other           Tloc           49%        N/A       1%          3
 Anguish                  Hex/Necr       39%        N/A       1%          4
 Flame Wave               Conj/Fire      89%        2d19      1%          4
 Fulminant Prism          Conj/Hex       37%        3d17      1%          4
 Iskenderun's Mystic Bla  Conj/Tloc      78%        2d16      1%          4
 Leda's Liquefaction      Hex/Erth       30%        N/A       1%          4
 Petrify                  Tmut/Erth      79%        N/A       1%          4
 Alistair's Intoxication  Tmut/Pois      51%        N/A       1%          5
 Blade Hands              Tmut           40%        N/A       1%          5
 Borgnjor's Vile Clutch   Necr/Erth      46%        N/A       1%          5
 Fireball                 Conj/Fire      44%        3d18      1%          5
 Lee's Rapid Deconstruct  Erth           38%        3d19*     1%          5
 Lightning Bolt           Conj/Air       46%        1d66      1%          5
 Metabolic Englaciation   Hex/Ice        39%        N/A       1%          5
 Conjure Ball Lightning   Conj/Air       46%        3x3d16    1%          6
 Death Channel            Necr           52%        N/A       1%          6
 Iron Shot                Conj/Erth      44%        9d9       1%          6
 Starburst                Conj/Fire      44%        6d12      1%          6
 Orb of Destruction       Conj           49%        9d13      1%          7
 Portal Projectile        Hex/Tloc       86%        N/A       2%          3
 Silence                  Hex/Air        33%        N/A       2%          5
 Eringya's Noxious Bog    Tmut/Pois      38%        N/A       2%          6
 Haunt                    Necr/Summ      42%        N/A       4%          7
 Manifold Assault         Tloc           49%        N/A       5%          4
 Passage of Golubria      Tloc           49%        N/A       5%          4
 Storm Form               Tmut/Air       41%        N/A       6%          7
 Dragon Form              Tmut           40%        N/A       9%          7
 Spellforged Servitor     Conj/Summ      40%        N/A       9%          7
 Summon Forest            Summ/Tloc      27%        N/A       10%         5
 Death's Door             Necr           52%        N/A       12%         9
 Cause Fear               Hex            18%        N/A       13%         4
 Summon Mana Viper        Hex/Summ       50%        N/A       14%         5
 Lehudib's Crystal Spear  Conj/Erth      44%        10d11     19%         8
 Summon Cactus Giant      Summ           29%        N/A       32%         6
 Dispersal                Tloc           24%        N/A       65%         6
 Ignition                 Fire           39%        3d12      65%         8
 Monstrous Menagerie      Summ           29%        N/A       88%         7
 Summon Hydra             Summ           29%        N/A       88%         7
 Fire Storm               Conj/Fire      44%        8d11      95%         9
 Enfeeble                 Hex            18%        N/A       100%        7
 Discord                  Hex            18%        N/A       100%        8
 Disjunction              Tloc           24%        N/A       100%        8
 Dragon's Call            Summ           29%        N/A       100%        9
 Shatter                  Erth           38%        3d30*     100%        9
 Animate Dead             Necr           Unusable   N/A       N/A         4
 Animate Armour           Summ/Erth      Unusable   N/A       N/A         4
 Simulacrum               Ice/Necr       Unusable   N/A       N/A         6

Dungeon Overview and Level Annotations

Branches:
Dungeon (15/15)            Temple (1/1) D:5            Lair (5/5) D:11
 Shoals (4/4) Lair:2       Spider (4/4) Lair:3        Slime (5/5) Lair:4
    Orc (2/2) D:12            Elf (3/3) Orc:2        Vaults (5/5) D:13
  Crypt (3/3) Vaults:3       Tomb (0/3) Crypt:3      Depths (4/4) D:15
   Hell (visited)             Dis (0/7) Hell            Geh (7/7) Hell
    Coc (5/7) Hell            Tar (7/7) Hell            Zot (5/5) Depths:4
 Bailey (visited)         Gauntlet (visited)

Altars:
Ashenzari
Dithmenos
Elyvilon
Fedhas
Gozag
Kikubaaqudgha
Makhleb
Nemelex Xobeh
Okawaru
Ru
Sif Muna
Trog
Uskayaw
Wu Jian
Yredelemnul
The Shining One
Jiyva

Shops:
D:5 :   D:11 =((*   D:12 *   D:13 *   D:14 [   D:15 ?::==[   Orc:2 =[?(*
Elf:1 *:   Elf:3 ([**   Vaults:2 =!(=   Vaults:4 *   Depths:2 *=*?:=*

Portals:
Hell: Depths:1 Depths:2 Depths:3 Depths:4
Abyss: Depths:2 Depths:3
Pandemonium: Depths:2

Annotations:
D:9 2 transporters, pokeman's ghost, journeyman DEHW


Innate Abilities, Weirdness & Mutations

You are a living statue of rough stone.
Your actions are slow, but your melee attacks are powerful.
You are resistant to unholy torment.
Your maximum health is greatly increased.
You are immune to poison.
You cannot wear most types of armour.
You are amphibious.
You can wear up to eight rings at the same time.
Your skin changes colour to match your surroundings (Stealth+).
((Your rubbery body absorbs attacks. (AC +1, EV +1)))
You are camouflaged when in or above water. (Stealth+)
You have tentacles for arms and can constrict up to eight enemies at once.
One of your tentacles bears a spike.
You sometimes lose your temper in combat.
You are dopey. (Int -2)
Your muscles are strong. (Str +4, Int/Dex -1)
You are vulnerable to heat. (rF-)


Message History

The water elemental disappears in a puff of smoke! x3
You are very lightly contaminated with residual magic.
You are engulfed in freezing vapours.
You resist.
* * * LOW HITPOINT WARNING * * *
The water elemental disappears in a puff of smoke!
The shard shrike is distracted by your dazzling golden aura.
You block the shard shrike's attack. The shard shrike claws you.
* * * LOW HITPOINT WARNING * * *
The shard shrike freezes you. You resist.
* * * LOW HITPOINT WARNING * * *
The spriggan defender simulacrum completely misses you.
The Ice Fiend calls on the powers of darkness!
The frost giant convulses!
The shard shrike convulses!
Your body is wracked with pain!
* * * LOW HITPOINT WARNING * * *
The shard shrike convulses!
A torrent of water rises up through the elemental wellspring!
You block the torrent of water.
The wave splashes down.
The spriggan defender simulacrum closely misses you.
The shard shrike spits a shard of ice at you.
The shard of ice hits you! You partially resist.
* * * LOW HITPOINT WARNING * * *
The wendigo gestures.
The spriggan defender simulacrum collapses into a mass of ice!
The mass of ice explodes!
The seracfall engulfs you. You partially resist.
* * * LOW HITPOINT WARNING * * *
The seracfall engulfs the wendigo!
The wendigo partially resists.
The seracfall engulfs the water elemental!!
The ettin simulacrum is distracted by your dazzling golden aura.
The stone giant simulacrum is distracted by your dazzling golden aura.
The water elemental closely misses you.
The water elemental is distracted by your dazzling golden aura.
The wendigo fires a burst of electricity at you.
The stunning burst hits you but does no damage.
You suddenly lose the ability to move!
The stunning burst hits the water elemental.
The water elemental resists.
The frost giant hits you with a +2 battleaxe of freezing!!
You die...
Your body crumbles into a pile of gold.

####### ####
≈≈≈≈≈≈E##≈≈##
≈≈≈..~$~~EZ$##
#E~Eb~°##
##EbR8E§#
#.ECE$~#
#.~E1EE~#
#.≈≈E~~.#
#.Z§≈§~..#
#.~≈≈§§...#
.Z.≈§.§...#
..≈≈..##.≈#
≈≈≈.. ..≈#


You could see 2 shard shrikes, a frost giant, an Ice Fiend, a wendigo
(misshapen), 3 elemental wellsprings, 9 water elementals, a quicksilver dragon
simulacrum, an ettin simulacrum (unaware) and a stone giant simulacrum
(unaware).

Vanquished Creatures
  Asmodeus (Geh:7)
  Ereshkigal (Tar:7)
  the Royal Jelly (Slime:5)
  the Serpent of Hell (Geh:7)
  11 dread liches
  9 ancient liches
  10 orbs of fire
  2 juggernauts
  Mennas (Crypt:3)
  Sojobo (Depths:1)
  Vv (Zot:2)
  A pandemonium lord (Zig:10)
  Josephina (Crypt:1)
  7 royal mummies
  Boris (Crypt:2)
  Bai Suzhen (Vaults:5)
  Frederick (Crypt:1)
  3 Killer Klowns (Zot:5)
  Margery (Depths:1)
  Saint Roka (Orc:2)
  5 shard shrikes
  2 curse toes
  7 golden dragons
  Geryon (Hell)
  24 profane servitors
  Jory (Crypt:2)
  5 pearl dragons (Zig:13)
  18 Tzitzimimeh
  34 bone dragons
  The ghost of Weuw the Warrior, an adept GrFi of Cheibriados (Crypt:3)
  7 Brimstone Fiends
  2 electric golems (Zot:5)
  10 doom hounds
  An iron giant (Zig:6)
  A shard shrike zombie (Abyss:4)
  3 Hell Sentinels
  12 hellephants
  Jorgrun (Shoals:1)
  25 Orb Guardians (Zot:5)
  8 Ice Fiends
  16 tentacled monstrosities
  26 tainted leviathans
  4 deep elf blademasters
  Murray (Depths:1)
  7 liches
  The ghost of Esekla the Nimble, an adept OpDe of Gozag (Shoals:2)
  A walking frostbound tome (Abyss:4)
  13 searing wretches
  A walking divine tome (Depths:2)
  6 titans
  2 deep elf master archers (Elf:3)
  30 acid blobs
  Frances (Shoals:1)
  4 quicksilver dragons
  10 sphinxes
  9 death cobs
  50 tentacled starspawn
  Polyphemus (Shoals:2)
  12 ancient champions
  12 tengu reavers
  Donald (Vaults:2)
  6 draconian monks
  3 daevas
  A demonspawn warmonger (Zig:10)
  17 storm dragons
  17 shadow dragons
  7 narguns
  16 azure jellies
  A fenstrider witch (Zig:12)
  12 deep elf sorcerers
  5 nagarajas
  7 rockslimes
  5 draconian knights
  3 iron dragons
  22 fire giants
  12 frost giants
  Roxanne (Elf:2)
  19 vault wardens
  9 revenants
  5 emperor scorpions
  The ghost of Budewn the Brawler, a journeyman TrBe of Trog (Spider:3)
  Louise (Shoals:4)
  4 curse skulls
  14 ghost moths
  27 balrugs
  14 ironbound preservers
  Aizul (Vaults:4)
  10 reapers
  3 shard shrike simulacra
  8 angels
  8 draconian scorchers
  9 draconian shifters
  A spectral caustic shrike (Tar:5)
  5 cacodemons
  A broodmother (Spider:3)
  35 very ugly things
  A demonspawn blood saint (Zig:10)
  6 deep elf elementalists
  5 ironbound thunderhulks
  11 draconian stormcallers
  15 quicksilver oozes
  10 ghouls
  8 draconian annihilators
  2 orc warlords
  4 war gargoyles
  The ghost of Pixtaico the Unseen, an adept FeNe of Elyvilon (Vaults:2)
  2 caustic shrike skeletons (Abyss:3)
  3 ophanim
  An eleionoma (Zig:12)
  29 stone giants
  A juggernaut skeleton (Crypt:3)
  7 deep elf demonologists
  16 green draconians
  36 putrid mouths
  A starflower (Abyss:3)
  An apis (Zig:13)
  11 vampire knights
  16 elemental wellsprings
  A spark wasp (shapeshifter) (Vaults:5)
  2 bennus (Zig:9)
  A lorocyproca (Abyss:5)
  12 white draconians
  9 wendigos
  15 black draconians
  A spectral titan (Tar:1)
  A minotaur (Gauntlet)
  15 spark wasps
  11 deep elf annihilators
  11 dire elephants
  A bunyip (Zig:12)
  17 purple draconians
  An iron golem (Zig:6)
  12 red draconians
  5 green deaths
  10 yellow draconians
  A quicksilver dragon zombie (Abyss:4)
  9 eidola
  14 ettins
  14 deep elf death magi
  3 blizzard demons
  The ghost of MachoJfn the Basher, a journeyman DsGl of Trog (Shoals:1)
  3 spectral spriggans
  A spectral kraken (Tar:7)
  12 great orbs of eyes
  7 merfolk javelineers
  2 spectral iron giants
  6 mummy priests
  9 yaktaur captains
  8 fire dragons
  An entropy weaver (shapeshifter) (Abyss:3)
  3 spectral quicksilver dragons
  9 jiangshi
  4 entropy weavers
  2 quicksilver dragon skeletons
  12 merfolk impalers
  4 deep elf high priests
  14 salamander tyrants
  2 hell beasts (Zig:10)
  A ghost crab (Zig:12)
  2 caustic shrike simulacra
  11 ironbound frosthearts
  A spriggan zombie (Abyss:3)
  3 hydras
  7 ice dragons
  8 rakshasas
  36 vault guards
  3 jorogumos
  A peacekeeper (Vaults:2)
  5 catoblepae
  Erica (D:9)
  A merfolk avatar (Shoals:4)
  5 radroaches
  A spriggan skeleton (Abyss:3)
  An ogre mage (Vaults:5)
  2 juggernaut simulacra (Coc:2)
  Fannar (Lair:3)
  3 spriggan air magi
  5 stokers
  19 centaur warriors
  4 merfolk aquamancers (Shoals:4)
  13 boulder beetles
  2 alligator snapping turtles (Shoals:4)
  3 anacondas
  2 death knights
  23 dancing weapons
  6 two-headed ogres
  A two-headed ogre (shapeshifter) (Depths:2)
  13 death yaks
  10 vampire magi
  9 naga warriors
  7 deep troll shamans
  A spectral stone giant (Tar:4)
  42 hell hogs
  11 deep troll earth magi
  3 satyrs
  A spectral dire elephant (Tar:4)
  4 spriggan berserkers
  4 tengu warriors
  A death scarab (Zig:17)
  4 naga sharpshooters (Zig:15)
  4 orc high priests
  26 deep elf knights
  13 sun demons
  2 titan zombies
  The ghost of experimilk the Destroyer, a novice DrCj of Vehumet (Lair:1)
  46 thrashing horrors
  3 shock serpents (Zig:15)
  13 hell knights
  4 soul eaters
  14 shadow wraiths
  24 wretched stars
  An emperor scorpion zombie (Crypt:2)
  A storm dragon zombie (Crypt:1)
  Nergalle (Orc:1)
  5 iron trolls
  The ghost of RandomusNamus the Thaumaturge, a novice DECj of Vehumet (D:11)
  2 fire crabs (Abyss:6)
  5 sixfirhies
  A titan skeleton (Hell)
  A fire crab (shapeshifter) (Abyss:3)
  17 skeletal warriors
  7 spatial maelstroms
  A crystal echidna (Zig:6)
  A goliath frog (Zig:12)
  3 pharaoh ants
  A sea snake (shapeshifter) (Vaults:5)
  10 sea snakes
  2 spriggan druids (Zig:12)
  A death drake (Abyss:1)
  2 spectral anacondas
  A salamander mystic (Zig:15)
  3 sun moths (Spider:4)
  A quicksilver dragon simulacrum (Coc:1)
  8 cherubim (Zig:13)
  An iron giant zombie (Abyss:3)
  15 glowing orange brains
  3 obsidian statues
  3 spriggan simulacra
  An anaconda zombie (Abyss:3)
  7 swamp dragons
  10 orb spiders
  3 bog bodies
  14 deep elf archers
  A shadow demon (Zig:10)
  48 deep trolls
  A spectral hydra (Tar:7)
  9 flayed ghosts
  10 orc knights
  An orange crystal statue (Zig:3)
  3 naga ritualists (Zig:15)
  11 necromancers
  16 ironbound convokers
  96 large abominations
  12 phantasmal warriors
  6 wizards
  3 mana vipers
  33 deep elf pyromancers
  2 lindwurms (shapeshifter)
  A steelbarb worm (shapeshifter) (Abyss:3)
  3 lindwurms (Vaults:2)
  7 steelbarb worms
  19 harpies
  A shadow dragon skeleton (Vaults:2)
  23 deep elf zephyrmancers
  52 ugly things
  A spectral ettin (Tar:4)
  6 orc sorcerers
  A fire giant zombie (Zig:7)
  16 wolf spiders
  A stone giant zombie (Crypt:1)
  4 oklob plants (Lair:4)
  2 shining eyes (shapeshifter)
  5 will-o-the-wisps
  A spectral centaur (Tar:2)
  8 merfolk sirens
  A moth of wrath (shapeshifter) (D:15)
  8 manticores
  18 fauns
  2 salamanders
  5 cyclopes
  29 moths of wrath
  9 worldbinders
  12 shining eyes
  A titan simulacrum (Coc:4)
  An iron dragon skeleton (Abyss:3)
  22 vault sentinels
  A frost giant skeleton (Crypt:3)
  2 stone giant skeletons
  13 black mambas
  3 naga magi
  2 naga zombies (Hell)
  11 elephants
  8 apocalypse crabs
  5 guardian serpents
  30 smoke demons
  8 spectral swamp worms (Tar:7)
  3 water nymphs
  9 rust devils
  3 dire elephant zombies
  2 eyes of devastation
  9 demonic crawlers
  4 ice statues
  8 molten gargoyles (Geh:7)
  4 torpor snails
  6 orange demons
  A centaur skeleton (Abyss:3)
  A death yak zombie (Crypt:2)
  21 tormentors
  2 steelbarb worm zombies (Crypt:1)
  4 unseen horrors
  A minotaur zombie (Crypt:2)
  5 bunyip simulacra
  10 cane toads
  17 yaktaurs
  3 efreet
  21 hellions
  A yaktaur zombie (Vaults:5)
  4 anaconda simulacra
  3 rime drakes
  5 komodo dragons
  4 tengu conjurers
  A dire elephant skeleton (Crypt:3)
  3 spectral nagas
  34 ancient zymes
  10 freezing wraiths
  A yaktaur (shapeshifter) (Vaults:5)
  A yellow draconian skeleton (Crypt:3)
  18 guardian mummies
  5 hellwings
  9 trolls
  3 polar bears
  A harpy zombie (Abyss:1)
  2 spectral harpies
  5 silent spectres
  6 hornets
  4 tyrant leeches (Spider:4)
  5 wind drakes
  2 tengu simulacra
  A wind drake (shapeshifter) (Abyss:3)
  3 meliai (D:15)
  17 merfolk
  20 blink frogs
  116 raiju
  9 snapping turtles
  23 tarantellas
  3 iron dragon simulacra
  10 dream sheep
  2 stone giant simulacra
  Prince Ribbit (D:4)
  A satyr skeleton (Crypt:3)
  4 centaur simulacra
  2 ettin skeletons
  27 flying skulls
  32 jumping spiders
  Sigmund (D:4)
  A black mamba zombie (Crypt:2)
  13 water elementals
  A spriggan (Depths:2)
  3 shadows
  128 slime creatures
  An air elemental (Elf:1)
  22 culicivoras
  17 ynoxinuls
  2 wyverns
  5 vampires
  A spriggan (shapeshifter) (D:15)
  4 dire elephant simulacra
  5 fire bats
  6 ushabtiu
  57 starcursed masses
  86 yaks
  10 wraiths
  3 basilisks
  An alligator snapping turtle simulacrum (Coc:3)
  A wind drake zombie (Crypt:1)
  A tyrant leech zombie (Crypt:2)
  3 fire elementals
  18 neqoxecs
  A steam dragon (Lair:5)
  32 golden eyes
  57 redbacks
  17 chaos spawn
  A merfolk zombie (Crypt:2)
  59 small abominations
  5 spatial vortices
  7 wargs
  A glowing shapeshifter zombie (Vaults:2)
  11 harpy simulacra
  10 nagas
  3 acid dragons
  An ogre zombie (Vaults:5)
  A floating eye (shapeshifter) (Vaults:5)
  4 floating eyes
  13 hell hounds
  2 swamp drakes
  12 water moccasins
  3 glowing shapeshifter skeletons
  A hydra simulacrum (Coc:4)
  An ice beast (shapeshifter) (Abyss:3)
  52 orc warriors
  A merfolk skeleton (Crypt:2)
  A swamp dragon zombie (Crypt:3)
  A black bear (shapeshifter) (D:15)
  2 ice beasts
  2 black bears
  4 sky beasts
  12 ogres
  An ettin simulacrum (Coc:2)
  9 wolves
  24 centaurs
  A human skeleton (Vaults:2)
  The ghost of MrSquiggles the Sneak, an amateur OpBr (D:3)
  A rime drake zombie (Crypt:3)
  Blork the orc (Orc:2)
  4 elf zombies
  9 bullfrogs
  3 earth elementals
  6 necrophages
  4 gnoll sergeants
  A demonspawn simulacrum (Crypt:1)
  4 naga simulacra
  4 scorpions
  4 wights
  A troll zombie (Crypt:1)
  A polar bear zombie (Crypt:2)
  6 killer bees (D:11)
  A howler monkey (D:12)
  4 electric eels
  3 crimson imps
  A human zombie (Crypt:1)
  8 quasits
  2 hounds (D:6)
  A wyvern simulacrum (Gauntlet)
  3 jellies
  27 orc priests
  Crazy Yiuf (D:2)
  5 iron imps (Abyss:3)
  Jessica (D:2)
  8 iguanas
  A basilisk skeleton (Crypt:1)
  6 hell rats (Lair:2)
  34 orc wizards
  A scorpion zombie (Crypt:1)
  An ice beast zombie (Crypt:2)
  21 mummies
  25 gnolls
  4 adders
  6 white imps
  7 ufetubi
  A worm zombie (Crypt:1)
  6 worms
  3 dart slugs
  123 orcs
  7 endoplasms
  4 giant cockroaches
  17 goblins
  3 hobgoblins (D:2)
  4 jackals
  4 ball pythons
  5 bats
  6 frilled lizards
  10 kobolds
  An orc zombie (Crypt:1)
  12 rats
  14 creeping infernos
  29 fire vortices
  8 lurking horrors
  19 starspawn tentacles
4124 creatures vanquished.

Vanquished Creatures (collateral kills)
  A large abomination (Depths:2)
  An orc (D:10)
2 creatures vanquished.

Vanquished Creatures (others)
  A dread lich (Geh:5)
  A titan (Depths:2)
  2 tentacled starspawn
  A fire giant (Depths:1)
  A ghost moth (Zot:4)
  A draconian shifter (Zot:2)
  A green draconian (Zot:5)
  A yellow draconian (Zot:5)
  2 hydras (Zig:12)
  A juggernaut simulacrum (Coc:4)
  2 caustic shrike simulacra
  An alligator (Zig:12)
  A hell hog (Abyss:3)
  A thrashing horror (Abyss:6)
  A goliath frog (Zig:12)
  A deep elf archer (Elf:2)
  2 spriggan simulacra
  2 swamp dragons (Zig:12)
  A wolf spider (Spider:4)
  A titan simulacrum (Coc:4)
  A hellion (Geh:5)
  A bloated husk (Zig:12)
  A merfolk (Shoals:2)
  A raiju (Abyss:3)
  A human simulacrum (Crypt:1)
  A naga simulacrum (Coc:4)
  A vampire (Abyss:3)
  2 large abominations
  2 fire elementals
  A chaos spawn (Abyss:3)
  A naga (Abyss:3)
  A harpy simulacrum (Coc:4)
  An ettin simulacrum (Coc:4)
  5 small abominations (Abyss:3)
  A demonspawn simulacrum (Crypt:1)
  An orc wizard (D:12)
  2 creeping infernos (Geh:1)
  22 foxfires
  17 fungi
  3 lurking horrors (Abyss:3)
  129 plants
  77 starspawn tentacles
  4 tentacles (Tar:7)
  A withered plant (Gauntlet)
302 creatures vanquished.

Grand Total: 4428 creatures vanquished

Notes
Turn   | Place    | Note
-------+----------+-------------------------------------------
     0 | D:5      | Esekla the Octopode Delver began the quest for the Orb.
     0 | D:5      | Reached XP level 1. HP: 16/16 MP: 1/1
    31 | D:5      | Noticed a scorpion
    32 | D:5      | Found a staircase to the Ecumenical Temple.
    38 | Temple   | Entered the Ecumenical Temple
    88 | D:5      | Killed a scorpion
    89 | D:5      | Reached skill level 1 in Spellcasting
    89 | D:5      | Reached XP level 2. HP: 11/21 MP: 1/3
    89 | D:5      | Reached XP level 3. HP: 14/26 MP: 1/4
   175 | D:5      | Reached XP level 4. HP: 13/31 MP: 5/5
   308 | Temple   | Became a worshipper of Gozag Ym Sagoz the Greedy
   482 | D:3      | Found a runed translucent gate.
   493 | D:3      | Found a runed translucent gate.
   494 | D:3      | Found a runed translucent gate.
   495 | D:3      | Found an opulent altar of Gozag.
   496 | D:3      | Noticed MrSquiggles's ghost (amateur OpBr)
  1251 | D:1      | Found a faded altar of an unknown god.
  1481 | D:2      | Reached XP level 5. HP: 34/36 MP: 6/6
  1555 | D:2      | Noticed Jessica
  1563 | D:2      | Killed Jessica
  1801 | D:2      | Found a runed translucent door.
  1803 | D:2      | Noticed Crazy Yiuf
  1810 | D:2      | Killed Crazy Yiuf
  1928 | D:3      | Reached XP level 6. HP: 43/43 MP: 8/8
  2133 | D:3      | Found a basalt altar of Yredelemnul.
  2133 | D:3      | Found a shimmering blue altar of Sif Muna.
  2408 | D:4      | Noticed Sigmund
  2516 | D:4      | Reached skill level 1 in Short Blades
  2628 | D:4      | Killed Sigmund
  2629 | D:4      | Reached XP level 7. HP: 25/48 MP: 8/10
  2981 | D:4      | Identified the -1 cloak "Omoaxorch" {Str+3 Dex+3}
  3358 | D:5      | Noticed Prince Ribbit
  4236 | D:5      | Found a bloodstained altar of Trog.
  4311 | D:5      | Learned a level 2 spell: Poisonous Vapours
  4368 | D:5      | Found an ancient bone altar of Kikubaaqudgha.
  4507 | D:5      | Bought a book of Party Tricks for 176 gold pieces
  4509 | D:5      | Learned a level 1 spell: Apportation
  4513 | D:5      | Learned a level 3 spell: Mephitic Cloud
  4534 | D:6      | Reached XP level 8. HP: 51/54 MP: 4/12
  4627 | D:6      | Noticed a yak
  4627 | D:6      | Noticed a yak
  4628 | D:6      | Noticed a yak
  4628 | D:6      | Noticed a yak
  4681 | D:6      | Found an ornate altar of the Wu Jian Council.
  4798 | D:6      | Reached skill level 1 in Poison Magic
  4816 | D:6      | Reached skill level 1 in Conjurations
  4816 | D:6      | Reached skill level 1 in Air Magic
  4862 | D:6      | Noticed a yak
  4929 | D:6      | Reached skill level 1 in Throwing
  5050 | D:6      | Reached skill level 5 in Fighting
  5050 | D:6      | Reached skill level 5 in Long Blades
  5391 | D:6      | Noticed a yak
  5450 | D:6      | Killed a yak
  5607 | D:6      | Reached XP level 9. HP: 61/61 MP: 14/14
  6008 | D:7      | Found a flagged portal.
  6306 | D:7      | Learned a level 2 spell: Wereblood
  6313 | D:7      | Found an iron altar of Okawaru.
  6357 | Bailey   | Entered a bailey
  6652 | Bailey   | Noticed an orc knight
  6802 | Bailey   | Killed an orc knight
  6803 | Bailey   | Reached skill level 5 in Dodging
  6803 | Bailey   | Reached skill level 1 in Translocations
  6803 | Bailey   | Reached skill level 1 in Transmutations
  6803 | Bailey   | Reached skill level 1 in Earth Magic
  6803 | Bailey   | Reached XP level 10. HP: 52/68 MP: 13/17
  6871 | Bailey   | Reached skill level 5 in Spellcasting
  8378 | D:8      | Identified 5 scrolls of acquirement
  8537 | D:8      | Found a shadowy altar of Dithmenos.
  8537 | D:8      | Found a broken altar of Ashenzari.
  9939 | D:9      | Found a transporter.
  9942 | D:9      | Found a transporter.
  9942 | D:9      | Noticed pokeman's ghost (journeyman DEHW)
  9945 | D:9      | Noticed a fire dragon
  9949 | D:9      | Noticed a cyclops
 10011 | D:9      | Noticed Erica
 10035 | D:9      | Killed Erica
 10253 | D:9      | Reached skill level 1 in Shields
 10253 | D:9      | Reached XP level 11. HP: 50/75 MP: 19/19
 11171 | D:10     | Entered Level 10 of the Dungeon
 12369 | D:10     | Noticed a two-headed ogre
 12748 | D:10     | Killed a two-headed ogre
 12975 | D:10     | Noticed a two-headed ogre
 13022 | D:10     | Killed a two-headed ogre
 13109 | D:10     | Noticed a four-headed hydra
 13537 | D:11     | Noticed a deep troll
 13637 | D:11     | Found Ciap's General Store.
 13642 | D:11     | Bought a scroll of identify for 26 gold pieces
 13642 | D:11     | Bought a scroll of identify for 26 gold pieces
 13688 | D:11     | Noticed a two-headed ogre
 13696 | D:11     | Reached skill level 5 in Air Magic
 13696 | D:11     | Noticed a red ugly thing
 13879 | D:11     | Found a transporter.
 13883 | D:11     | Noticed RandomusNamus's ghost (novice DECj)
 13884 | D:11     | Found a bloodstained altar of Trog.
 13885 | D:11     | Found a transporter.
 13892 | D:11     | Noticed a boulder beetle
 13898 | D:11     | Noticed a moth of wrath
 14220 | D:11     | Killed a boulder beetle
 14221 | D:11     | Reached XP level 12. HP: 82/82 MP: 15/22
 14300 | D:11     | Killed a two-headed ogre
 14301 | D:11     | Reached skill level 5 in Poison Magic
 14408 | D:11     | Learned a level 3 spell: Ignite Poison
 14413 | D:11     | Learned a level 4 spell: Sticky Flame
 14535 | D:11     | Noticed a boulder beetle
 14541 | D:11     | Killed a boulder beetle
 14727 | D:11     | Bought a scroll of enchant weapon for 97 gold pieces
 15037 | D:11     | Found a staircase to the Lair.
 15394 | D:12     | Noticed a boulder beetle
 15402 | D:12     | Killed a boulder beetle
 15403 | D:12     | Reached skill level 1 in Fire Magic
 15580 | D:12     | Identified the +5 quarterstaff of Grace {drain, rC+ rN+
                  | Will-}
 15922 | D:12     | Reached skill level 5 in Earth Magic
 16347 | D:12     | Found a staircase to the Orcish Mines.
 16730 | D:11     | Bought a +4 ring of protection for 504 gold pieces
 16731 | D:11     | Bought the ring "Guifaak" {rPois rF+} for 476 gold pieces
 16965 | D:10     | Reached skill level 5 in Transmutations
 17066 | D:10     | Killed a one-headed hydra
 17151 | Lair:1   | Entered Level 1 of the Lair of Beasts
 17456 | Lair:1   | Reached XP level 13. HP: 79/88 MP: 5/25
 17797 | Lair:1   | Found a runed translucent gate.
 17797 | Lair:1   | Found a runed translucent gate.
 17797 | Lair:1   | Found a runed translucent gate.
 17798 | Lair:1   | Noticed a great orb of eyes
 17798 | Lair:1   | Noticed experimilk's ghost (novice DrCj)
 17803 | Lair:1   | Found a viscous altar of Jiyva.
 18326 | D:11     | Bought a ring of wizardry for 420 gold pieces
 19020 | Lair:2   | Learned a level 4 spell: Airstrike
 19330 | Lair:2   | Found a staircase to the Shoals.
 19608 | D:5      | Bought a book of Sloth for 396 gold pieces
 19615 | D:5      | Learned a level 6 spell: Statue Form
 19774 | Lair:3   | Found a hole to the Spider Nest.
 19958 | Lair:3   | Noticed Fannar
 19989 | Lair:3   | Killed Fannar
 20093 | Lair:3   | Found a gate leading to a gauntlet.
 20112 | Gauntlet | Entered a Gauntlet
 20112 | Gauntlet | Found a runed translucent door.
 20112 | Gauntlet | Found a transporter.
 20112 | Gauntlet | Found a runed translucent door.
 20121 | Gauntlet | Found a transporter.
 20123 | Gauntlet | Found a transporter.
 20137 | Gauntlet | Found a transporter.
 20139 | Gauntlet | Found a transporter.
 20148 | Gauntlet | Found a transporter.
 20164 | Gauntlet | Found a transporter.
 20172 | Gauntlet | Found the ring of the Hare {EV+10}
 20174 | Gauntlet | Found a transporter.
 20184 | Gauntlet | Found a transporter.
 20185 | Gauntlet | a radroach changed into an ice dragon
 20185 | Gauntlet | Noticed an ice dragon (glowing shapeshifter)
 20190 | Gauntlet | an ice dragon changed into a satyr
 20199 | Gauntlet | a tyrant leech changed into a spark wasp
 20199 | Gauntlet | Noticed a spark wasp (glowing shapeshifter)
 20201 | Gauntlet | a slime creature changed into a bunyip
 20201 | Gauntlet | Noticed a bunyip (glowing shapeshifter)
 20206 | Gauntlet | Found a transporter.
 20213 | Gauntlet | Found a runed translucent door.
 20215 | Gauntlet | Found a transporter.
 20216 | Gauntlet | a bunyip changed into a broodmother
 20216 | Gauntlet | Noticed a broodmother (glowing shapeshifter)
 20217 | Gauntlet | Found a transporter.
 20217 | Gauntlet | Found a runed translucent door.
 20219 | Gauntlet | a broodmother changed into a great orb of eyes
 20219 | Gauntlet | Noticed a great orb of eyes (glowing shapeshifter)
 20280 | Gauntlet | Reached skill level 5 in Conjurations
 20302 | Gauntlet | Found a transporter.
 20353 | Gauntlet | a goliath frog changed into a quicksilver ooze
 20353 | Gauntlet | Noticed a quicksilver ooze (glowing shapeshifter)
 20356 | Gauntlet | a quicksilver ooze changed into a jorogumo
 20369 | Gauntlet | a satyr changed into a bunyip
 20369 | Gauntlet | Noticed a bunyip (glowing shapeshifter)
 20370 | Gauntlet | a bunyip changed into a quicksilver ooze
 20370 | Gauntlet | Noticed a quicksilver ooze (glowing shapeshifter)
 20377 | Gauntlet | a quicksilver ooze changed into a tyrant leech
 20446 | Gauntlet | Noticed a minotaur
 20455 | Gauntlet | Killed a minotaur
 20535 | Gauntlet | Got the Tome of the Calid Curse
 20537 | Gauntlet | Identified the +1 cloak of Qiuratav {Regen+}
 21625 | Lair:4   | Found a staircase to the Slime Pits.
 21625 | Lair:4   | Found a viscous altar of Jiyva.
 21662 | Lair:4   | Reached XP level 14. HP: 95/95 MP: 27/27
 21770 | Lair:5   | Entered Level 5 of the Lair of Beasts
 22254 | Lair:5   | Reached skill level 10 in Spellcasting
 23518 | Lair:5   | Reached skill level 5 in Fire Magic
 23734 | Lair:5   | Reached skill level 10 in Long Blades
 23857 | Lair:5   | Learned a level 4 spell: Olgreb's Toxic Radiance
 24209 | D:11     | Bought an amulet of magic regeneration for 420 gold pieces
 24348 | Orc:1    | Entered Level 1 of the Orcish Mines
 24382 | Orc:1    | Noticed Nergalle
 24403 | Orc:1    | Killed Nergalle
 24504 | Orc:1    | Noticed an orc warlord
 24990 | D:13     | Reached XP level 15. HP: 103/103 MP: 29/29
 25076 | D:13     | Found a gate to the Vaults.
 25533 | Orc:1    | Killed an orc warlord
 25534 | Orc:1    | Reached skill level 10 in Fighting
 25692 | Orc:2    | Entered Level 2 of the Orcish Mines
 26087 | Orc:2    | Found Efagufur's Magic Scroll Boutique.
 26305 | Orc:2    | Noticed Blork the orc
 26320 | Orc:2    | Reached skill level 10 in Dodging
 26322 | Orc:2    | Killed Blork the orc
 26380 | Orc:2    | Noticed Saint Roka
 26410 | Orc:2    | Killed Saint Roka
 26588 | Orc:2    | Found Goliuth's Antique Armour Boutique.
 26591 | Orc:2    | Found Agrin's General Store.
 26597 | Orc:2    | Found Vunlodas's Antique Weapon Boutique.
 26629 | Orc:2    | Found Raluz's Jewellery Boutique.
 26878 | Orc:2    | Found a staircase to the Elven Halls.
 27128 | D:11     | Acquired 869 gold pieces
 27130 | D:11     | Acquired 394 gold pieces
 27132 | D:11     | Acquired the +1 hat of the Elephant {rF+ rCorr Int+3 SInv}
 27142 | D:11     | Acquired the +1 buckler "Imovorr" {Will+ Dex+2 Stlth+}
 27157 | D:11     | Acquired the +8 kite shield "Kogais" {Str+3 Int+3 Dex+4
                  | SInv}
 27161 | D:11     | Acquired a +2 double sword of protection
 27449 | D:13     | Found Haudwoejoot's Blood Bar.
 27606 | D:13     | Learned a level 3 spell: Vampiric Draining
 27697 | D:13     | Identified the +1 scale mail of Mumblety Peg {Regen+ Dex+3}
 28055 | D:14     | Found Dyremasi's Antique Armour Boutique.
 28419 | D:14     | Reached skill level 1 in Necromancy
 28607 | D:15     | Entered Level 15 of the Dungeon
 28686 | D:15     | Reached XP level 16. HP: 110/110 MP: 26/31
 29406 | D:15     | Found a staircase to the Depths.
 29472 | D:15     | Upgraded the game from 0.30-a0-739-gea05faddec to
                  | 0.30-a0-743-gbfdf073431
 29723 | D:4      | Killed Prince Ribbit
 29831 | D:5      | Bought a book of Decay for 330 gold pieces
 29836 | D:5      | Learned a level 4 spell: Dispel Undead
 29902 | D:3      | Killed MrSquiggles's ghost
 30713 | D:11     | Killed RandomusNamus's ghost
 30729 | D:11     | Identified the +3 leather armour "Wucridem" {Regen+ Str-4
                  | Int+3}
 30851 | Lair:1   | Killed experimilk's ghost
 30871 | Lair:1   | Acquired 668 gold pieces
 31230 | Spider:1 | Entered Level 1 of the Spider Nest
 31528 | Spider:1 | Reached skill level 5 in Shields
 32415 | Spider:2 | Identified the +5 falchion "Pugh" {flame, Will+}
 32710 | Orc:2    | Bought a scroll of brand weapon for 133 gold pieces
 33400 | Spider:3 | Reached XP level 17. HP: 117/117 MP: 25/33
 33979 | Spider:3 | Found a runed translucent door.
 33980 | Spider:3 | Noticed Budewn's ghost (journeyman TrBe)
 33992 | Spider:3 | Killed Budewn's ghost
 33993 | Spider:3 | Identified the +7 falchion of Gozag's Favour {drain, Int+3}
 33995 | Spider:3 | Identified the +2 great sword "Payss" {speed, rN+ Str+2
                  | Dex+3 SInv}
 34358 | Spider:4 | Entered Level 4 of the Spider Nest
 34619 | Spider:4 | Learned a level 5 spell: Irradiate
 35267 | Spider:4 | Reached skill level 5 in Necromancy
 36067 | Spider:4 | Reached XP level 18. HP: 102/124 MP: 20/35
 36199 | Spider:4 | Got a gossamer rune of Zot
 36358 | Shoals:1 | Entered Level 1 of the Shoals
 36407 | Shoals:1 | Found a runed translucent door.
 36410 | Shoals:1 | Noticed MachoJfn's ghost (journeyman DsGl)
 36524 | Shoals:1 | Noticed Frances
 36548 | Shoals:1 | Killed Frances
 36706 | Shoals:1 | Noticed Jorgrun
 36717 | Shoals:1 | Killed Jorgrun
 37087 | Shoals:1 | Killed MachoJfn's ghost
 37106 | Shoals:1 | Identified the +3 hand crossbow of Bankruptcy {penet, rN+
                  | Will+ Str+2 Dex+3}
 37143 | Shoals:2 | Noticed Polyphemus
 37161 | Shoals:2 | Killed Polyphemus
 37809 | Shoals:2 | Found a runed translucent door.
 38034 | Shoals:2 | Noticed Esekla's ghost (adept OpDe)
 38050 | Shoals:2 | Killed Esekla's ghost
 38968 | Shoals:4 | Entered Level 4 of the Shoals
 39406 | Shoals:4 | Noticed Louise
 39753 | Shoals:4 | Reached skill level 15 in Spellcasting
 40079 | Shoals:4 | Killed Louise
 40145 | Shoals:4 | Identified the ring of Uskayaw's Inspiration {Str+3 Int+6}
 40209 | Shoals:4 | Reached XP level 19. HP: 131/131 MP: 31/38
 40685 | Shoals:4 | Got a barnacled rune of Zot
 40852 | Shoals:4 | Found a hide-covered altar of Uskayaw.
 41195 | Depths:1 | Entered Level 1 of the Depths
 41349 | Vaults:1 | Entered Level 1 of the Vaults
 42137 | Vaults:1 | Learned a level 2 spell: Blink
 42662 | Vaults:2 | Noticed Donald
 42664 | Vaults:2 | Found Mesaggat's Jewellery Shop.
 42697 | Vaults:2 | Killed Donald
 42698 | Vaults:2 | Reached skill level 10 in Transmutations
 42919 | Vaults:2 | Found Iddalain's Antique Weapon Shop.
 43113 | Vaults:2 | Found Qevu's Distillery.
 43219 | Vaults:2 | Found a runed translucent gate.
 43220 | Vaults:2 | Found a runed translucent gate.
 43220 | Vaults:2 | Found a runed translucent gate.
 43220 | Vaults:2 | Noticed Pixtaico's ghost (adept FeNe)
 43231 | Vaults:2 | Killed Pixtaico's ghost
 43237 | Vaults:2 | Identified the amulet "Ucyle" {Spirit Int+5 Dex+3}
 43596 | Vaults:2 | Reached XP level 20. HP: 139/139 MP: 40/40
 43636 | Vaults:2 | Found Wavomp's Jewellery Shoppe.
 44253 | Vaults:2 | Bought a ring of protection from cold for 450 gold pieces
 44331 | Vaults:3 | Found a staircase to the Crypt.
 45743 | Vaults:4 | Paralysed by a sphinx for 2 turns
 45793 | Vaults:4 | Reached skill level 10 in Shields
 45883 | Vaults:4 | Noticed Aizul
 45901 | Vaults:4 | Killed Aizul
 45936 | Vaults:4 | Found Yvyenuar's Assorted Antiques.
 45944 | Vaults:4 | Bought an opal ring for 210 gold pieces
 46370 | Vaults:4 | Reached XP level 21. HP: 145/145 MP: 33/41
 46442 | Vaults:4 | Identified the +0 hand axe of the Singing Seer {chaos,
                  | rElec rC+ Int+2 Dex-2}
 47104 | Elf:1    | Entered Level 1 of the Elven Halls
 47261 | Elf:1    | Got the Catalogue of Lamentation
 47491 | Elf:1    | Found Wedwet's CLEARANCE SALE!.
 47682 | Elf:1    | Found Toat's Book Shop.
 48561 | Crypt:1  | Entered Level 1 of the Crypt
 48599 | Crypt:1  | Paralysed by a vampire knight for 5 turns
 49069 | Orc:2    | Bought a +4 ring of protection for 468 gold pieces
 49075 | Orc:2    | Bought a +4 ring of protection for 468 gold pieces
 49495 | Crypt:1  | Identified the ring "Seesail" {Ice *Slow Int+3 Dex+3}
 49495 | Crypt:1  | Noticed Josephina
 49496 | Crypt:1  | Noticed Frederick
 49507 | Crypt:1  | Killed Frederick
 49513 | Crypt:1  | Killed Josephina
 50031 | Crypt:2  | Learned a level 3 spell: Frozen Ramparts
 50318 | Crypt:2  | Reached skill level 1 in Ice Magic
 50458 | Crypt:2  | Identified the +5 glaive "Goblin's Funeral" {heavy, *Noise
                  | Dex+6}
 50548 | Crypt:2  | Noticed Jory
 50651 | Crypt:2  | Noticed Boris
 50776 | Crypt:2  | Killed Boris
 51077 | Crypt:2  | Killed Jory
 51155 | Crypt:3  | Entered Level 3 of the Crypt
 51371 | Crypt:3  | Found a runed translucent door.
 51423 | Crypt:3  | Noticed Weuw's ghost (adept GrFi)
 51747 | Crypt:3  | Noticed Mennas
 51849 | Crypt:3  | Found a staircase to the Tomb.
 52041 | Crypt:3  | Reached XP level 22. HP: 98/153 MP: 30/43
 52076 | Crypt:3  | Noticed a curse toe
 52205 | Crypt:3  | Killed a curse toe
 52389 | Crypt:3  | Noticed an ancient lich
 52389 | Crypt:3  | Noticed a dread lich
 52413 | Crypt:3  | Reached skill level 10 in Necromancy
 52728 | Crypt:3  | Killed Mennas
 52729 | Crypt:3  | Reached skill level 10 in Earth Magic
 52804 | Crypt:3  | Killed Weuw's ghost
 52896 | Crypt:3  | Noticed a dread lich
 52896 | Crypt:3  | Noticed a dread lich
 52913 | Crypt:3  | Killed an ancient lich
 52913 | Crypt:3  | Paralysed by a dread lich for 3 turns
 52917 | Crypt:3  | Paralysed by a dread lich for 4 turns
 52921 | Crypt:3  | Killed a dread lich
 53059 | Crypt:3  | Identified the amulet of Suspected Treachery {Acrobat rElec
                  | Will++ SInv Stlth-}
 53060 | Crypt:3  | Identified the ring "Gulo" {rF+++ rC+ Will+ Dex+3 Slay+4}
 53086 | Crypt:3  | Killed a dread lich
 53090 | Crypt:3  | Killed a dread lich
 53539 | Elf:2    | Noticed Roxanne
 53749 | Elf:2    | Found a runed translucent gate.
 53754 | Elf:2    | Found a runed translucent gate.
 53754 | Elf:2    | Found a runed translucent gate.
 53815 | Elf:2    | Reached skill level 10 in Stealth
 54784 | Elf:2    | Killed Roxanne
 54870 | Elf:3    | Entered Level 3 of the Elven Halls
 54897 | Elf:3    | Found Ommoseph's Assorted Antiques.
 54913 | Elf:3    | Found Wimoubli's General Store.
 55015 | Elf:3    | Identified the +9 hand axe "Palliz" {elec, rPois Will-
                  | Str+2 Int+2}
 55020 | Elf:3    | Found Ludghobodo's Antique Armour Shoppe.
 55216 | Elf:3    | Found Diucrur's Weapon Shoppe.
 55312 | Elf:3    | Reached skill level 15 in Dodging
 55318 | Elf:3    | Reached XP level 23. HP: 161/161 MP: 31/46
 55605 | Elf:3    | Identified the ring "Zuffot" {Fly Will- Int-4 Dex+6 Stlth+}
 55613 | Elf:3    | Identified the +2 buckler "Doskax" {SInv}
 55624 | Elf:3    | Got Sif Muna's Tome of Company
 55635 | Elf:3    | Identified the +6 spear of Exoneration {heavy, Will+ Int+3
                  | Dex+3 SInv}
 55636 | Elf:3    | Identified the +1 dagger of Kyaxtat {flame, rPois rN++ SInv
                  | Stlth+}
 55637 | Elf:3    | Got Kesew's Reference Book on Misfortune
 55641 | Elf:3    | Learned a level 2 spell: Scorch
 55658 | Elf:3    | Identified the +0 chain mail of the Leaf {rN+ Str+4 Dex+2}
 55667 | Elf:3    | Identified the +2 helmet "Hengu" {+Inv rN+ Dex+2}
 55711 | Elf:3    | Identified the +7 spear "Goinoc" {antimagic, Will+ rCorr
                  | Str-2 Int+5}
 55714 | Elf:3    | Identified the +0 arbalest of Xiule {heavy, rN+}
 55724 | Elf:3    | Acquired 1002 gold pieces
 56259 | D:5      | Bought a book of the Sky for 484 gold pieces
 56264 | D:5      | Learned a level 4 spell: Summon Lightning Spire
 56556 | Vaults:5 | Entered Level 5 of the Vaults
 56564 | Vaults:5 | Reached skill level 1 in Summonings
 56566 | Vaults:5 | Noticed an ancient lich
 56583 | Vaults:5 | Killed an ancient lich
 56594 | Vaults:5 | Identified the +6 flail "Wodubla" {chaos, rN+ rCorr MP+9
                  | SInv}
 56919 | Vaults:5 | Reached skill level 15 in Fighting
 57095 | Vaults:5 | Identified the +1 short sword of Death {heavy, +Blink rPois
                  | rF- MP+9}
 57098 | Vaults:5 | Identified the +7 short sword of the Empty Page {heavy,
                  | Int+3 Dex+3}
 57236 | Vaults:5 | Noticed a golden dragon
 57251 | Vaults:5 | Killed a golden dragon
 57262 | Vaults:5 | Reached XP level 24. HP: 24/169 MP: 35/47
 57699 | Vaults:5 | Gained mutation: You occasionally lose the ability to read
                  | scrolls when taking damage. [a shining eye]
 57854 | Vaults:5 | Identified the ring "Laser" {Wiz Str+3 Stlth+}
 58003 | Vaults:5 | Identified the +0 war axe of Xoclafiw {holy, rF+++ Dex+5}
 58003 | Vaults:5 | Identified the ring "Gadiw" {rElec Will+}
 58194 | Vaults:5 | Noticed Bai Suzhen
 58214 | Vaults:5 | Killed Bai Suzhen
 58313 | Vaults:5 | Found the +12 glaive of Prune {freeze, Prune}
 58825 | Vaults:5 | Got Tityzxit's Quarto of Haze
 58825 | Vaults:5 | Got a silver rune of Zot
 58839 | Vaults:5 | Learned a level 5 spell: Freezing Cloud
 58842 | Vaults:5 | Identified the +0 pair of gloves "Nietaug" {Int+7}
 59367 | Depths:1 | Noticed Margery
 59379 | Depths:1 | Killed Margery
 59597 | Depths:1 | Noticed Sojobo
 59628 | Depths:1 | Killed Sojobo
 59820 | Depths:1 | Found a gateway to Hell.
 59986 | Depths:1 | Found an opulent altar of Gozag.
 60276 | Depths:2 | Found a one-way gate to the infinite horrors of the Abyss.
 60298 | Depths:2 | Found a one-way gateway to a ziggurat.
 60697 | Orc:2    | Lost mutation: You occasionally lose the ability to read
                  | scrolls when taking damage. [potion of mutation]
 60697 | Orc:2    | Gained mutation: You occasionally shout uncontrollably at
                  | your foes. [potion of mutation]
 60697 | Orc:2    | Gained mutation: You possess an exceptional clarity of
                  | mind. [potion of mutation]
 61632 | Depths:2 | Reached XP level 25. HP: 177/177 MP: 45/48
 62129 | Depths:2 | Found a one-way gate leading to the halls of Pandemonium.
 62277 | Depths:3 | Noticed a juggernaut
 62277 | Depths:3 | Paralysed by a floating eye for 2 turns
 62295 | Depths:3 | Killed a juggernaut
 62328 | Depths:3 | Paralysed by a floating eye for 3 turns
 63127 | Depths:4 | Entered Level 4 of the Depths
 63212 | Depths:4 | Reached skill level 10 in Air Magic
 63491 | Depths:4 | Found a gate to the Realm of Zot.
 63525 | Depths:4 | Noticed a juggernaut
 63538 | Depths:4 | Killed a juggernaut
 63735 | Depths:4 | Found a portal to a secret trove of treasure.
 64336 | Depths:4 | Learned a level 8 spell: Maxwell's Capacitive Coupling
 64388 | Zot:1    | Entered Level 1 of the Realm of Zot
 64565 | Zot:1    | Reached XP level 26. HP: 185/185 MP: 36/49
 65239 | Zot:2    | Noticed Vv
 65854 | Zot:2    | Acquired 999 gold pieces
 65896 | Zot:2    | Killed Vv
 65926 | Zot:2    | Reached skill level 1 in Evocations
 67694 | Zot:4    | Noticed an orb of fire
 68928 | Slime:1  | Entered Level 1 of the Pits of Slime
 68950 | Slime:1  | Gained mutation: Your body sometimes deteriorates upon
                  | taking damage. [a shining eye]
 68952 | Slime:1  | Reached XP level 27. HP: 164/191 MP: 22/50
 69044 | Slime:1  | Gained mutation: You are weak. (Str -2) [a shining eye]
 69304 | Orc:2    | Lost mutation: Your body sometimes deteriorates upon taking
                  | damage. [potion of mutation]
 69304 | Orc:2    | Lost mutation: You occasionally shout uncontrollably at
                  | your foes. [potion of mutation]
 69304 | Orc:2    | Gained mutation: You are partially covered in iridescent
                  | scales. (AC +2) [potion of mutation]
 71158 | Slime:3  | Reached skill level 15 in Long Blades
 71968 | Slime:5  | Entered Level 5 of the Pits of Slime
 72008 | Slime:5  | Noticed the Royal Jelly
 72238 | Slime:5  | Gained mutation: Your body sometimes deteriorates upon
                  | taking damage. [a shining eye]
 72459 | Slime:5  | Found a viscous altar of Jiyva.
 72461 | Slime:5  | Found the +11 Singing Sword {sonic wave}
 72547 | Slime:5  | Found the +8 trishula "Condemnation" {holy, anguish, *Noise
                  | Fly rN+}
 72606 | Slime:5  | Killed the Royal Jelly
 72741 | Slime:5  | Got the Almanac of Combined Frostbite
 72741 | Slime:5  | Got a slimy rune of Zot
 72773 | Slime:5  | Identified the +3 trident of the End {spect, rPois}
 73163 | D:15     | Bought the Unrestrained Analects for 968 gold pieces
 73287 | Hell     | Entered the Vestibule of Hell
 73287 | Hell     | Noticed Murray
 73287 | Hell     | Noticed Geryon
 73319 | Depths:1 | Killed Murray
 73481 | Hell     | Reached skill level 5 in Ice Magic
 73523 | Hell     | Killed Geryon
 73865 | Hell     | Paralysed by a wendigo for 1 turns
 74059 | Hell     | Found a gateway to the freezing wastes of Cocytus.
 74105 | Hell     | Found a gateway to the decaying netherworld of Tartarus.
 74248 | Hell     | Found a gateway to the Iron City of Dis.
 74327 | Hell     | Found a gateway to the ashen valley of Gehenna.
 74338 | Hell     | Learned a level 7 spell: Ozocubu's Refrigeration
 74435 | Depths:2 | Voluntarily entered the Abyss.
 74444 | Abyss:1  | Found a corrupted altar of Lugonu.
 74510 | Abyss:1  | Found a corrupted altar of Lugonu.
 74548 | Abyss:2  | Found a corrupted altar of Lugonu.
 74688 | Abyss:3  | Found an ornate altar of the Wu Jian Council.
 74688 | Abyss:3  | Found a shimmering altar of Xom.
 74688 | Abyss:3  | Found a hazy altar of Hepliaklqana.
 74688 | Abyss:3  | Found a blossoming altar of Fedhas.
 74688 | Abyss:3  | Found a glowing silver altar of Zin.
 74688 | Abyss:3  | Found a stormy altar of Qazlal.
 74688 | Abyss:3  | Found a shadowy altar of Dithmenos.
 74688 | Abyss:3  | Found a white marble altar of Elyvilon.
 74688 | Abyss:3  | Found a glowing golden altar of the Shining One.
 74688 | Abyss:3  | Found a burning altar of Makhleb.
 74690 | Abyss:3  | Found an iron altar of Okawaru.
 74692 | Abyss:3  | Found a hide-covered altar of Uskayaw.
 74692 | Abyss:3  | Found a shimmering blue altar of Sif Muna.
 74692 | Abyss:3  | Found a sparkling altar of Nemelex Xobeh.
 74694 | Abyss:3  | Found a broken altar of Ashenzari.
 74694 | Abyss:3  | Found a basalt altar of Yredelemnul.
 74694 | Abyss:3  | Found an opulent altar of Gozag.
 74694 | Abyss:3  | Found a radiant altar of Vehumet.
 74696 | Abyss:3  | Found a bloodstained altar of Trog.
 74696 | Abyss:3  | Found a radiant altar of Vehumet.
 74696 | Abyss:3  | Found an ancient bone altar of Kikubaaqudgha.
 74718 | Abyss:3  | Found a stormy altar of Qazlal.
 74720 | Abyss:3  | Found an ornate altar of the Wu Jian Council.
 74735 | Abyss:3  | Found a glowing silver altar of Zin.
 75285 | Abyss:3  | Found a corrupted altar of Lugonu.
 75299 | Abyss:3  | Noticed an ancient lich
 75307 | Abyss:3  | Killed an ancient lich
 75308 | Abyss:3  | Reached skill level 10 in Fire Magic
 75318 | Abyss:3  | Found a corrupted altar of Lugonu.
 75362 | Abyss:3  | Lost mutation: You possess an exceptional clarity of mind.
                  | [a neqoxec]
 75366 | Abyss:3  | Gained mutation: You are clumsy. (Dex -2) [a neqoxec]
 75369 | Abyss:3  | Gained mutation: Your body often deteriorates upon taking
                  | damage. [a neqoxec]
 75462 | Abyss:3  | Found a corrupted altar of Lugonu.
 75645 | Abyss:3  | Found a corrupted altar of Lugonu.
 75729 | Abyss:3  | Found a corrupted altar of Lugonu.
 75927 | Abyss:3  | Gained mutation: You are vulnerable to heat. (rF-) [a
                  | cacodemon]
 75952 | Abyss:3  | Gained mutation: You occasionally lose the ability to read
                  | scrolls when taking damage. [a cacodemon]
 75959 | Abyss:3  | Gained mutation: You occasionally lose the ability to drink
                  | potions when taking damage. [a cacodemon]
 75962 | Abyss:3  | Paralysed by accursed screaming for 1 turns
 75968 | Abyss:3  | Got an abyssal rune of Zot
 76082 | Depths:2 | Escaped the Abyss
 76125 | Depths:2 | Bought the amulet "Jyc Guni" {RegenMP rCorr Int+2 Dex+2}
                  | for 714 gold pieces
 76155 | Depths:2 | Lost mutation: You are weak. (Str -2) [potion of mutation]
 76155 | Depths:2 | Lost mutation: Your body often deteriorates upon taking
                  | damage. [potion of mutation]
 76155 | Depths:2 | Gained mutation: You have a pair of small antennae on your
                  | head. [potion of mutation]
 76155 | Depths:2 | Gained mutation: You are weak. (Str -2) [potion of
                  | mutation]
 76285 | Zot:3    | Lost mutation: You have a pair of small antennae on your
                  | head. [potion of mutation]
 76285 | Zot:3    | Lost mutation: Your body sometimes deteriorates upon taking
                  | damage. [potion of mutation]
 76285 | Zot:3    | Gained mutation: Your mind is acute. (Int +4, Str/Dex -1)
                  | [potion of mutation]
 76285 | Zot:3    | Gained mutation: Your skin blends seamlessly with your
                  | surroundings (Stealth++). [potion of mutation]
 76285 | Zot:3    | Gained mutation: You are strong-willed. (Will+) [potion of
                  | mutation]
 76671 | Orc:2    | Lost mutation: You are weak. (Str -2) [potion of mutation]
 76671 | Orc:2    | Lost mutation: You occasionally lose the ability to read
                  | scrolls when taking damage. [potion of mutation]
 76671 | Orc:2    | Gained mutation: One of your tentacles bears a spike.
                  | [potion of mutation]
 76671 | Orc:2    | Gained mutation: One of your tentacles bears a nasty spike.
                  | [potion of mutation]
 76672 | Orc:2    | Lost mutation: One of your tentacles bears a nasty spike.
                  | [potion of mutation]
 76672 | Orc:2    | Lost mutation: Your skin blends seamlessly with your
                  | surroundings (Stealth++). [potion of mutation]
 76672 | Orc:2    | Lost mutation: You are vulnerable to heat. (rF-) [potion of
                  | mutation]
 76672 | Orc:2    | Gained mutation: Your spells are a little easier to cast,
                  | but a little less powerful. [potion of mutation]
 76672 | Orc:2    | Gained mutation: You are covered in fur. (AC +1) [potion of
                  | mutation]
 76673 | Orc:2    | Lost mutation: One of your tentacles bears a spike. [potion
                  | of mutation]
 76673 | Orc:2    | Lost mutation: Your mind is acute. (Int +4, Str/Dex -1)
                  | [potion of mutation]
 76673 | Orc:2    | Lost mutation: Your spells are a little easier to cast, but
                  | a little less powerful. [potion of mutation]
 76673 | Orc:2    | Gained mutation: Your muscles are strong. (Str +4, Int/Dex
                  | -1) [potion of mutation]
 76673 | Orc:2    | Gained mutation: One of your tentacles bears a spike.
                  | [potion of mutation]
 76943 | Vaults:5 | Lost mutation: You are clumsy. (Dex -2) [potion of
                  | mutation]
 76943 | Vaults:5 | Lost mutation: You occasionally lose the ability to drink
                  | potions when taking damage. [potion of mutation]
 76943 | Vaults:5 | Lost mutation: You are partially covered in iridescent
                  | scales. (AC +2) [potion of mutation]
 76943 | Vaults:5 | Gained mutation: You have hidden genetic potential. [potion
                  | of mutation]
 77150 | D:15     | Bought Memojuh's Grimoire of Permutations for 836 gold
                  | pieces
 77159 | D:15     | Learned a level 8 spell: Necromutation
 77502 | Zot:4    | Killed an orb of fire
 78203 | Zot:5    | Entered Level 5 of the Realm of Zot
 78348 | Zot:5    | Identified the +3 short sword "Ikeog" {flame, Drain rPois
                  | rCorr Int+8}
 78464 | Zot:5    | Found a transporter.
 78467 | Zot:5    | Found a transporter.
 78469 | Zot:5    | Found a transporter.
 78550 | Zot:5    | Found a transporter.
 79280 | Zot:5    | Noticed an orb of fire
 79286 | Zot:5    | Noticed an orb of fire
 79306 | Zot:5    | Killed an orb of fire
 79360 | Zot:5    | Noticed an ancient lich
 79780 | Zot:5    | Killed an ancient lich
 79796 | Zot:5    | Noticed a dread lich
 79809 | Zot:5    | Killed a dread lich
 80033 | Zot:5    | Noticed an ancient lich
 80041 | Zot:5    | Killed an ancient lich
 80123 | Zot:5    | Noticed an orb of fire
 80127 | Zot:5    | Noticed an orb of fire
 80134 | Zot:5    | Noticed an orb of fire
 80145 | Zot:5    | HP: 4/193 [orb of fire/fireball (10)]
 80147 | Zot:5    | Noticed a dread lich
 80153 | Zot:5    | HP: 7/250 [ghost moth (3)]
 80154 | Zot:5    | HP: 3/250 [shadow dragon (5)]
 80159 | Zot:5    | HP: 2/244 [shadow dragon/bolt of negative energy (16)]
 80164 | Zot:5    | Killed a dread lich
 80172 | Zot:5    | Noticed an orb of fire
 80173 | Zot:5    | Noticed an orb of fire
 80173 | Zot:5    | Noticed an orb of fire
 80173 | Zot:5    | HP: 11/375 [orb of fire/fireball (10)]
 80174 | Zot:5    | Lost mutation: You have hidden genetic potential. [an orb
                  | of fire]
 80594 | Depths:3 | Voluntarily entered the Abyss.
 80595 | Abyss:3  | Noticed a dread lich
 80892 | Abyss:3  | Killed a dread lich
 81121 | Abyss:3  | Found a corrupted altar of Lugonu.
 81168 | Abyss:3  | Reached skill level 27 in Spellcasting
 81322 | Depths:3 | Escaped the Abyss
 81350 | Depths:2 | Bought the ring of the Tortoise {AC+8} for 1792 gold pieces
 81350 | Depths:2 | Found the ring of the Tortoise {AC+8}
 81575 | Zot:5    | Noticed an orb of fire
 81577 | Zot:5    | Gained mutation: You sometimes lose your temper in combat.
                  | [an orb of fire]
 81578 | Zot:5    | Killed an orb of fire
 81589 | Zot:5    | Noticed an ancient lich
 81592 | Zot:5    | Lost mutation: Your muscles are strong. (Str +4, Int/Dex
                  | -1) [an orb of fire]
 81596 | Zot:5    | Killed an ancient lich
 81603 | Zot:5    | Killed an orb of fire
 81604 | Zot:5    | Reached skill level 10 in Ice Magic
 81610 | Zot:5    | Gained mutation: You occasionally shout uncontrollably at
                  | your foes. [an orb of fire]
 81695 | Zot:5    | Killed an orb of fire
 81914 | Zot:5    | Learned a level 4 spell: Summon Lightning Spire
 81924 | Zot:5    | Killed an orb of fire
 81928 | Zot:5    | Killed an orb of fire
 81965 | Zot:5    | Killed an orb of fire
 82049 | Zot:5    | Killed an orb of fire
 82377 | Zot:5    | Killed an orb of fire
 82754 | Vaults:5 | Lost mutation: One of your tentacles bears a spike. [potion
                  | of mutation]
 82754 | Vaults:5 | Lost mutation: You are strong-willed. (Will+) [potion of
                  | mutation]
 82754 | Vaults:5 | Lost mutation: You are covered in fur. (AC +1) [potion of
                  | mutation]
 82754 | Vaults:5 | Gained mutation: One of your tentacles bears a spike.
                  | [potion of mutation]
 82754 | Vaults:5 | Gained mutation: Your body sometimes deteriorates upon
                  | taking damage. [potion of mutation]
 82754 | Vaults:5 | Gained mutation: You are weak. (Str -2) [potion of
                  | mutation]
 82763 | Vaults:5 | Lost mutation: You sometimes lose your temper in combat.
                  | [potion of mutation]
 82763 | Vaults:5 | Lost mutation: You are weak. (Str -2) [potion of mutation]
 82763 | Vaults:5 | Lost mutation: You occasionally shout uncontrollably at
                  | your foes. [potion of mutation]
 82763 | Vaults:5 | Gained mutation: Your mind is acute. (Int +4, Str/Dex -1)
                  | [potion of mutation]
 82763 | Vaults:5 | Gained mutation: You are strong-willed. (Will+) [potion of
                  | mutation]
 82862 | Crypt:2  | Lost mutation: Your mind is acute. (Int +4, Str/Dex -1)
                  | [potion of mutation]
 82862 | Crypt:2  | Lost mutation: Your body sometimes deteriorates upon taking
                  | damage. [potion of mutation]
 82862 | Crypt:2  | Gained mutation: Your flesh is cold resistant. (rC+)
                  | [potion of mutation]
 82862 | Crypt:2  | Lost mutation: Your flesh is cold resistant. (rC+) [potion
                  | of mutation]
 83295 | Geh:1    | Entered Level 1 of Gehenna
 83710 | Geh:2    | Noticed an ancient lich
 83763 | Geh:2    | Killed an ancient lich
 84258 | Geh:3    | Noticed a dread lich
 84276 | Geh:3    | Killed a dread lich
 85180 | Geh:5    | Noticed a dread lich
 85186 | Geh:5    | Killed a dread lich
 86430 | Geh:7    | Entered Level 7 of Gehenna
 87707 | Geh:7    | Identified the amulet "Dyijioxt" {RegenMP Regen+ Str+2}
 87800 | Geh:7    | Noticed the Serpent of Hell
 87832 | Geh:7    | Killed the Serpent of Hell
 87961 | Geh:7    | Got the Papyrus of Burning Dislocation
 87965 | Geh:7    | Identified the +3 spear "Inworgha" {venom, Str+4 Dex+9}
 88243 | Geh:7    | Got the Discursus on the Charged Missiles
 88303 | Geh:7    | Found the +7 sceptre of Asmodeus
 88303 | Geh:7    | Noticed Asmodeus
 88325 | Geh:7    | Killed Asmodeus
 88472 | Geh:7    | Got an obsidian rune of Zot
 89172 | D:15     | Bought the amulet of Temptation {RegenMP Harm +Inv rF-
                  | rN+++} for 928 gold pieces
 89250 | Tar:1    | Entered Level 1 of Tartarus
 89279 | Tar:1    | Noticed a dread lich
 89288 | Tar:1    | Killed a dread lich
 89974 | Tar:3    | Reached skill level 15 in Necromancy
 91890 | Tar:7    | Entered Level 7 of Tartarus
 93534 | Tar:7    | Noticed Ereshkigal
 93552 | Tar:7    | Killed Ereshkigal
 93638 | Tar:7    | Identified the +5 sling of Fettiyhou {flame, rElec rN+++
                  | MP+9 Int-3}
 93643 | Tar:7    | Identified the +8 double sword of Imminent Death {heavy,
                  | rPois Will+}
 93645 | Tar:7    | Got a bone rune of Zot
 93650 | Tar:7    | Identified the +0 spear of the Conjuring Seeker {freeze,
                  | *Slow Fly rF+ Int+2}
 93652 | Tar:7    | Identified the +11 spear "Qoony" {heavy, Will++ Int-5}
 93654 | Tar:7    | Got the Directory of Geometry
 94137 | Tar:7    | Reached skill level 10 in Conjurations
 94199 | Tar:7    | Reached skill level 27 in Dodging
 94920 | Depths:2 | Voluntarily entered the Abyss.
 95076 | Abyss:3  | Found a corrupted altar of Lugonu.
 95166 | Depths:2 | Escaped the Abyss
 95186 | Depths:2 | Voluntarily entered the Abyss.
 95186 | Abyss:3  | Found a corrupted altar of Lugonu.
 95239 | Abyss:3  | Gained mutation: You are very dopey. (Int -4) [a neqoxec]
 95394 | Abyss:3  | Noticed an ancient lich
 95406 | Abyss:3  | Killed an ancient lich
 95414 | Abyss:3  | Paralysed by you for 3 turns
 95443 | Abyss:3  | Noticed a dread lich
 95453 | Abyss:3  | Killed a dread lich
 95480 | Abyss:3  | Found a corrupted altar of Lugonu.
 95505 | Abyss:3  | Found a hide-covered altar of Uskayaw.
 95735 | Abyss:4  | Found a corrupted altar of Lugonu.
 96259 | Abyss:4  | Reached skill level 15 in Ice Magic
 96578 | Abyss:6  | Gained mutation: You have supernaturally acute eyesight.
                  | (SInv) [a neqoxec]
 96619 | Abyss:6  | Noticed a dread lich
 96628 | Abyss:6  | Reached skill level 15 in Conjurations
 96630 | Depths:2 | Escaped the Abyss
 96639 | Depths:2 | Killed a dread lich
 97134 | Crypt:2  | Lost mutation: You are strong-willed. (Will+) [potion of
                  | mutation]
 97134 | Crypt:2  | Lost mutation: You have supernaturally acute eyesight.
                  | (SInv) [potion of mutation]
 97134 | Crypt:2  | Lost mutation: You are dopey. (Int -2) [potion of mutation]
 97134 | Crypt:2  | Gained mutation: Your muscles are strong. (Str +4, Int/Dex
                  | -1) [potion of mutation]
 97460 | Zig:1    | Entered Level 1 of a ziggurat
 97482 | Zig:2    | Entered Level 2 of a ziggurat
 97551 | Zig:3    | Entered Level 3 of a ziggurat
 97607 | Zig:4    | Entered Level 4 of a ziggurat
 97642 | Zig:4    | Identified the +3 spear of Peril {heavy, Will+ rCorr Str+2}
 97650 | Zig:5    | Entered Level 5 of a ziggurat
 97690 | Zig:6    | Entered Level 6 of a ziggurat
 97892 | Zig:7    | Entered Level 7 of a ziggurat
 97894 | Zig:7    | Noticed a royal mummy
 97904 | Zig:7    | Killed a royal mummy
 97947 | Zig:7    | Identified the ring of Wemneun {AC+4 Str-3 Dex+3 Slay+2
                  | Stlth+}
 98003 | Zig:8    | Entered Level 8 of a ziggurat
 98074 | Zig:8    | Identified the ring "Ucuggac" {rC+ Str+3 Stlth+}
 98097 | Zig:9    | Entered Level 9 of a ziggurat
 98106 | Zig:9    | Noticed a royal mummy
 98106 | Zig:9    | Noticed a royal mummy
 98108 | Zig:9    | Noticed a royal mummy
 98108 | Zig:9    | Noticed a royal mummy
 98118 | Zig:9    | Killed a royal mummy
 98119 | Zig:9    | Killed a royal mummy
 98120 | Zig:9    | Killed a royal mummy
 98122 | Zig:9    | Killed a royal mummy
 98215 | Zig:10   | Entered Level 10 of a ziggurat
 98224 | Zig:10   | Noticed Guab the pandemonium lord
 98241 | Zig:10   | Killed Guab the pandemonium lord
 98439 | Zig:10   | Got the Incunable of Petrified Bruises
 98460 | Zig:11   | Entered Level 11 of a ziggurat
 98474 | Zig:11   | Noticed a dread lich
 98489 | Zig:11   | Killed a dread lich
 98536 | Zig:11   | Identified the amulet "Dieciv" {Acrobat Int+4 Dex-4 SInv}
 98589 | Zig:12   | Entered Level 12 of a ziggurat
 98675 | Zig:13   | Entered Level 13 of a ziggurat
 98990 | Zig:13   | Identified the +6 long sword of the Thirteen Scars {freeze,
                  | Str+5 Dex-4}
 99035 | Zig:14   | Entered Level 14 of a ziggurat
 99050 | Zig:14   | Found the +6 arbalest "Damnation" {damnation}
 99074 | Zig:14   | Paralysed by a wendigo for 1 turns
 99277 | Zig:15   | Entered Level 15 of a ziggurat
 99412 | Zig:15   | Identified the amulet of Kas Apse {Acrobat rElec rC+ Str+3
                  | Dex-4}
 99435 | Zig:15   | Identified the ring "Iguollil" {rC+ Int+3}
 99438 | Zig:15   | Identified the +5 spear of Qibuthauqy {heavy, rElec Int+5
                  | Dex-2}
 99439 | Zig:15   | Identified the +3 spear of the Trees {heavy, Str+2}
 99442 | Zig:15   | Identified the +10 glaive of Durable Indomitability {chaos,
                  | Int+5 Dex+5}
 99456 | Zig:15   | Acquired the +2 shield of Resistance {rF++ rC++ Will++}
 99456 | Zig:15   | Found the +2 shield of Resistance {rF++ rC++ Will++}
 99510 | Zig:16   | Entered Level 16 of a ziggurat
 99562 | Zig:16   | Noticed an ancient lich
 99579 | Zig:16   | Killed an ancient lich
 99612 | Zig:16   | Identified the ring "Jocuceekk" {rC+ Dex+5}
 99808 | Zig:16   | Identified the ring of the Duchess {rN+ Stlth+}
 99857 | Zig:17   | Entered Level 17 of a ziggurat
 99874 | Zig:17   | Noticed a royal mummy
 99877 | Zig:17   | Noticed a royal mummy
 99880 | Zig:17   | Noticed a royal mummy
 99881 | Zig:17   | Noticed a royal mummy
 99887 | Zig:17   | HP: 12/253 [royal mummy/divine providence (13)]
 99892 | Depths:2 | Killed a royal mummy
 99895 | Depths:2 | Killed a royal mummy
100301 | Depths:4 | You paid a toll of a +6 demon trident to enter a treasure
                  | trove
100302 | Trove    | Entered a treasure trove
100312 | Trove    | Found the +2 hood of the Assassin {Detect Stab+ Stlth++}
100314 | Trove    | Identified the +2 buckler of Sloth {rElec rC- Int+3}
100315 | Trove    | Identified the +0 tower shield "Darioracs" {+Blink Fly}
100361 | Trove    | Identified the amulet "Ropy" {Faith Str+4}
100529 | Depths:2 | Bought a runed demon blade for 702 gold pieces
100529 | Depths:2 | Bought a scroll of enchant weapon for 292 gold pieces
100593 | Coc:1    | Entered Level 1 of Cocytus
101142 | Coc:3    | Gained mutation: You are dopey. (Int -2) [mutagenic glow]
101156 | Coc:3    | Gained mutation: You sometimes lose your temper in combat.
                  | [mutagenic glow]
101163 | Coc:3    | Gained mutation: You are vulnerable to heat. (rF-)
                  | [mutagenic glow]
101745 | Coc:5    | HP: 11/256 [wendigo/seracfall (3)]
101745 | Coc:5    | Paralysed by a wendigo for 1 turns
101745 | Coc:5    | Demolished by a frost giant

Illustrated notes

Levels and vault maps discovered:
D:1:      grunt_arrival_crossed_arrows, layout_basic,
          hellmonk_ecumenical_altar_inner_sanctum
D:2:      layout_basic, minmay_ruptured, uniq_jessica, uniq_crazy_yiuf_cottage
D:3:      layout_rooms, gammafunk_temple_overflow_elements, ebering_ghost_gozag,
          minmay_misc_feat_five
D:4:      layout_loops_ring, uniq_sigmund
D:5:      layout_cave_pools, mainiacjoe_overflow_surrounded_room,
          trog_antimagical, minmay_temple_entry_tees, kennysheep_small_circle,
          uniq_prince_ribbit1
D:6:      layout_basic, nzn_wu_jian_council_hall
D:7:      layout_basic, mainiacjoe_overflow_cross_hatched, enter_bailey_5
D:8:      layout_basic, mainiacjoe_overflow_divided_tiny
D:9:      layout_basic, gammafunk_ghost_arena, minmay_misc_feat_square,
          uniq_erica
D:10:     layout_stronghold, minmay_bent
D:11:     nicolae_cairo_tiling_large, layout_gridville,
          gammafunk_ghost_wrathful_warriors, serial_shops, shop,
          reono_crystal_passage
D:12:     layout_basic, david_orc_4, minivault_22
D:13:     layout_roguey [special_room_orc], erik_vaults_2, guppyfry_shop_blood
D:14:     layout_roguey, serial_shops, nicolae_shop_hallway_plus,
          hangedman_decor_lopped, kennysheep_generic_room_2
D:15:     gammafunk_enter_depths_forms, layout_basic, small_statue_intersection,
          serial_park_tiny_2
Temple:   jpeg_temple_clearing
Lair:1:   layout_regular_city, gammafunk_ghost_ooze, serial_bayou_shore_b,
          grunt_megastairs_1
Lair:2:   layout_loops_ring, minmay_shoals_entry_lonely_mermaid
Lair:3:   dreamdust_cave_troll, layout_cave_pods, spider_nest_entry_webs,
          gauntlet_entry_generic, grunt_forest_stairs_basic, uniq_fannar
Lair:4:   layout_loops_ring, minmay_slime_entry_oklob_open
Lair:5:   evilmike_catoblepas_cave, layout_loops_ring, guppyfry_lair_drakes
Shoals:1: layout_shoals, ebering_ghost_reflecting_pool, uniq_jorgrun,
          uniq_frances
Shoals:2: layout_shoals, ebering_ghost_reflecting_pool, nicolae_shoals_mertower,
          uniq_polyphemus
Shoals:3: cheibrodos_shoals_satyrical_garden, layout_shoals
Shoals:4: shoals_end_simple, layout_shoals, lemuel_centaur_altar, uniq_louise
Spider:1: layout_spider_delve, nicolae_spider_webbed_stairs
Spider:2: layout_spider_delve, beargit_elvish_explorers,
          nicolae_spider_cling_halls
Spider:3: layout_spider_delve, gammafunk_ghost_grave
Spider:4: spider_rune_water, hangedman_stitches_earthworm
Slime:1:  layout_caves, special_room [special_room_jelly]
Slime:2:  layout_caves
Slime:3:  layout_caves, special_room [special_room_jelly]
Slime:4:  layout_caves
Slime:5
Orc:1:    layout_caves, elf_legates, uniq_nergalle
Orc:2:    grunt_orc_cross, layout_diamond_mine, serial_shops, shop
Elf:1:    layout_onion_city, serial_shops, nicolae_shop_crystal,
          minmay_elf_necromancy, nicolae_shop_clearance
Elf:2:    nicolae_elf_blades_crystal_corner, layout_onion_city, uniq_roxanne
Elf:3:    elf_hall, layout_rooms, serial_shops, nicolae_shop_advertising_works
          [nicolae_subvault_shop_adworks], nicolae_diamond_shop,
          nicolae_shop_overgrown_old_shop, shop, nicolae_elf_big_sculpture_1
Vaults:1: ontoclasm_vaults_ring_square, kb_rosetta, v_misc_3, vaults_dpeg_cross,
          nicolae_vaults_network_s, nicolae_vaults_big_ls,
          hangedman_vaults_corner_blocks, grunt_vaults_hallway_long, v_misc_26,
          nicolae_vaults_mini_display_case, layout_vaults_ring
Vaults:2: ebering_ghost_rock_garden, v_alt_pattern_2, hangedman_vaults_nails,
          hangedman_vaults_maws, v_misc_17, st_check,
          nicolae_vaults_network_quincunx
          [nicolae_vaults_network_quincunx_subvault,
          nicolae_vaults_network_quincunx_subvault,
          nicolae_vaults_network_quincunx_subvault,
          nicolae_vaults_network_quincunx_subvault,
          nicolae_vaults_network_quincunx_subvault],
          nicolae_vaults_network_barrier, hangedman_vaults_trim,
          vaults_room_stairs_pillars, nicolae_vaults_specimen_jars,
          grunt_vaults_hallway_long, nicolae_vaults_diagonal_hallway_6,
          layout_vaults_omnibox, serial_glass, serial_shops, shop_statue,
          shop_fountains, nicolae_shop_window_shopping, nicolae_square_shop,
          uniq_donald
Vaults:3: vaults_room_corners, v_alt_pattern_1, vaults_room_corners,
          vaults_room_stairs_pillars, nicolae_vaults_little_squares_4,
          nicolae_vaults_little_squares_3, vaults_room_fancy_cross,
          minmay_crypt_entry_simple_box, vaults_room_pools,
          layout_vaults_omnigrid, uniq_saint_roka
Vaults:4: v_misc_16, hangedman_vaults_maws, hangedman_vaults_stream,
          vaults_mumra_chevron_long, v_pattern_2, st_quartered_hall,
          ontoclasm_vaults_loading_screen, dpeg_vaults_monster_box,
          nicolae_vaults_hallways_thing, v_misc_1, nicolae_vaults_little_ls,
          v_misc_15, layout_vaults_omnicross, serial_shops, shop, uniq_aizul
Vaults:5: uniq_bai_suzhen
Crypt:1:  layout_rooms, grunt_crypt_arrival_webbed,
          roderic_lattice_octagonal_star, uniq_frederick, uniq_josephina
Crypt:2:  layout_chaotic_city, serial_co_window_serial, co_window_paths_a,
          co_window_paths_b, co_window_of_opportunity_a, co_window_corner_a,
          co_window_paths_a, co_window_corner_a, co_window_broadway_c,
          co_window_corner_b, co_window_broadway_c, glass_columns_a,
          glass_columns_a, glass_columns_a, uniq_jory, uniq_boris
Crypt:3:  david_glass_crypt, layout_gridlike, tomb_entry_shell_bobbens,
          hellmonk_ghost_big_iron, uniq_mennas
Depths:1: layout_basic, grunt_metal_band,
          nicolae_gozag_cash_rules_everything_around_me, uniq_sojobo
Depths:2: kennysheep_snake, layout_twisted_cross, enter_ziggurat_c, abyss_entry,
          grunt_pan_entry_in_and_out, hangedman_coc_ice_floe
Depths:3: minmay_the_grid_plus [minmay_the_grid_armoury,
          minmay_the_grid_square_x, minmay_the_grid_aliased_spiral,
          minmay_the_grid_box_x, minmay_the_grid_prize_big_room],
          layout_cave_shapes, abyss_entry, hell_entry, serial_glass,
          glass_columns_c, glass_columns_a, glass_columns_c, glass_columns_a,
          glass_columns_b, item_on_display_a
Depths:4: grunt_zot_entry_funnels, layout_honeycomb,
          pf_vacation_house_of_asmodeus, enter_trove_2, grunt_megastairs_4,
          serial_bayou_shore_a
Hell
Geh:1:    layout_gehenna_pools_basic, hangedman_hellfire_club
Geh:2:    layout_gehenna_lava_caves
Geh:3:    layout_gehenna_pools_basic, nicolae_geh_fiery_graves
          [nicolae_geh_single_fiery_grave, nicolae_geh_single_fiery_grave,
          nicolae_geh_single_fiery_grave, nicolae_geh_single_fiery_grave,
          nicolae_geh_single_fiery_grave, nicolae_geh_single_fiery_grave,
          nicolae_geh_single_fiery_grave, nicolae_geh_single_fiery_grave,
          nicolae_geh_single_fiery_grave]
Geh:4:    layout_gehenna_pools_triple
Geh:5:    layout_gehenna_lava_caves
Geh:6:    layout_gehenna_lava_caves
Geh:7:    geh_grunt
Coc:1:    layout_cocytus_delve
Coc:2:    layout_ice_bergs
Coc:3:    layout_cocytus_water_paths
Coc:4:    layout_ice_bergs
Coc:5:    layout_ice_bergs
Tar:1:    layout_grid_maze
Tar:2:    layout_catacombs
Tar:3:    layout_honeycomb, nicolae_tar_four_comb_rooms
Tar:4:    layout_grid_maze
Tar:5:    layout_catacombs
Tar:6:    layout_honeycomb, nicolae_tar_cuneiform_oil
Tar:7:    tar_minmay_river
Zot:1:    layout_misc_corridors
Zot:2:    layout_misc_corridors, uniq_vv
Zot:3:    layout_cathedral_of_symmetry, grunt_megastairs_2
Zot:4:    layout_gridville, st_stairs_8, grunt_megastairs_3
Zot:5:    layout_twisted_circle, nicolae_transporter_circle

Skill      XL: |  1  2  3  4  5  6  7  8  9 10 11 12 13 14 15 16 17 18 19 20 21 22 23 24 25 26 27 |
---------------+----------------------------------------------------------------------------------+-----
Stealth        | 7 8 9 10 11 14 | 14.0
Spellcasting   | 1 2 3 4 5 7 8 9 10 11 12 13 15 16 17 19 20 21 22 23 27 | 27.0
Long Blades    | 3 4 5 6 7 8 10 11 12 13 14 16 | 16.0
Dodging        | 3 4 5 6 8 9 10 11 12 13 14 15 16 17 19 20 27 | 27.0
Short Blades   | 1 2 3 |  3.0
Fighting       | 4 5 6 7 8 9 10 11 12 13 14 15 16 18 | 18.4
Poison Magic   | 2 4 5 6 7 8 9 |  9.0
Conjurations   | 2 3 4 5 6 7 19 | 19.3
Air Magic      | 2 3 4 5 6 7 9 10 11 13 | 13.6
Throwing       | 1 2 3 4 |  4.3
Translocations | 1 2 |  2.0
Transmutations | 1 3 4 5 6 7 8 9 10 11 | 11.7
Earth Magic    | 1 2 4 5 6 7 8 9 10 | 10.3
Shields        | 1 3 4 5 6 7 9 10 11 12 13 14 | 14.1
Fire Magic     | 2 3 5 6 7 8 11 | 11.0
Necromancy     | 1 3 5 6 7 8 9 10 22 | 22.7
Ice Magic      | 2 3 4 21 | 21.3
Summonings     | 3 4 |  4.4
Evocations     | 1 |  1.0

Action                     |  1- 3 |  4- 6 |  7- 9 | 10-12 | 13-15 | 16-18 | 19-21 | 22-24 | 25-27 || total
---------------------------+-------+-------+-------+-------+-------+-------+-------+-------+-------++-------
  Melee: Falchion          |     8 |    97 |    82 |       |       |    30 |    54 |    53 |   103 ||   427
         Tentacles         |     3 |    18 |    53 |   110 |   151 |   151 |   210 |   127 |   904 ||  1727
         Constrict         |     2 |    28 |    37 |    63 |    76 |   101 |   103 |    49 |   355 ||   814
         Dagger            |       |    43 |    89 |   250 |    59 |    41 |    42 |    19 |    88 ||   631
         Punch             |       |     2 |     2 |     9 |    12 |     9 |    11 |    12 |    78 ||   135
         Long sword        |       |       |    16 |    27 |       |       |   278 |    15 |    64 ||   400
         Scimitar          |       |       |       |   134 |   474 |   500 |   298 |   274 |   771 ||  2451
         Spear             |       |       |       |       |     3 |       |       |       |       ||     3
         Double sword      |       |       |       |       |       |       |    11 |       |  1569 ||  1580
         Eudemon blade     |       |       |       |       |       |       |       |    24 |   419 ||   443
         Kick              |       |       |       |       |       |       |       |       |   933 ||   933
  Throw: Dart              |       |       |    26 |    25 |     9 |       |       |       |       ||    60
         Boomerang         |       |       |     7 |    36 |    20 |     2 |     8 |    10 |   217 ||   300
   Cast: Poisonous Vapours |       |       |    11 |    65 |    33 |    85 |    46 |    81 |   100 ||   421
         Mephitic Cloud    |       |       |    23 |    93 |    58 |    25 |    20 |    10 |    15 ||   244
         Apportation       |       |       |    15 |    40 |    98 |   289 |   172 |   250 |   978 ||  1842
         Wereblood         |       |       |     3 |    24 |    44 |    45 |    43 |    25 |   130 ||   314
         Ignite Poison     |       |       |       |    16 |    56 |    71 |    60 |    78 |    97 ||   378
         Statue Form       |       |       |       |       |    33 |    65 |    61 |    45 |   235 ||   439
         Sticky Flame      |       |       |       |       |     7 |    20 |    59 |    35 |   114 ||   235
         Olgreb's Toxic Ra |       |       |       |       |    23 |    57 |    42 |    49 |    56 ||   227
         Dispel Undead     |       |       |       |       |       |    11 |    18 |    18 |    45 ||    92
         Irradiate         |       |       |       |       |       |     8 |    15 |    14 |    77 ||   114
         Vampiric Draining |       |       |       |       |       |     1 |       |     6 |     3 ||    10
         Blink             |       |       |       |       |       |       |     2 |     1 |    38 ||    41
         Freezing Cloud    |       |       |       |       |       |       |       |     8 |   138 ||   146
         Frozen Ramparts   |       |       |       |       |       |       |       |     7 |    62 ||    69
         Summon Lightning  |       |       |       |       |       |       |       |       |     3 ||     3
         Necromutation     |       |       |       |       |       |       |       |       |    24 ||    24
         Airstrike         |       |       |       |       |       |       |       |       |    13 ||    13
         Maxwell's Capacit |       |       |       |       |       |       |       |       |     8 ||     8
         Ozocubu's Refrige |       |       |       |       |       |       |       |       |     7 ||     7
 Invoke: Call Merchant     |       |       |     1 |     2 |     2 |     1 |     1 |       |    11 ||    18
Ability: End Transformatio |       |       |       |       |       |       |       |       |    24 ||    24
  Evoke: Wand              |       |       |     1 |     9 |       |       |       |     2 |     5 ||    17
    Use: Scroll            |     3 |       |     7 |    21 |    13 |     6 |     2 |     4 |    24 ||    80
         Potion            |       |       |     4 |     3 |     1 |     2 |     3 |     7 |    44 ||    64
   Stab: Sleeping          |       |    32 |    11 |    12 |    23 |    31 |    33 |    15 |    58 ||   215
         Distracted        |       |     1 |       |     1 |     4 |    12 |    10 |     9 |    46 ||    83
         Confused          |       |       |     6 |    47 |    33 |     8 |     4 |       |     1 ||    99
         Petrified         |       |       |       |       |     4 |     1 |       |       |       ||     5
 Armour: Skin              |       |     4 |     7 |    32 |   168 |   427 |   295 |   309 |  1722 ||  2964
  Dodge: Dodged            |     6 |    58 |   111 |   175 |   524 |  1261 |   640 |   408 |  4107 ||  7290
  Block: Buckler           |       |       |       |    25 |   164 |   452 |    45 |       |       ||   686
         Kite shield       |       |       |       |       |       |       |   924 |   658 |  4656 ||  6238

Table legend: (Time is in decaauts)
 A = Elapsed time spent in this place.
 B = Non-inter-level travel time spent in this place.
 C = Inter-level travel time spent in this place.
 D = Time resting spent in this place.
 E = Time spent auto-exploring this place.
 F = Levels seen in this place.
 G = Mean time per level.
                   A        B        C        D        E       F      G
               +--------+--------+--------+--------+--------+-----+--------+
         Total | 112810 | 100791 |  12019 |  23544 |  23950 | 105 | 1074.4 |
       Dungeon |  25862 |  20131 |   5731 |   5052 |   4174 |  15 | 1724.1 |
        Temple |    170 |    123 |     47 |     71 |     16 |   1 |  170.0 |
          Lair |   7130 |   6318 |    812 |   1396 |   2101 |   5 | 1426.0 |
        Shoals |   5471 |   5334 |    137 |    920 |   1851 |   4 | 1367.8 |
   Spider Nest |   5373 |   5111 |    262 |   1373 |   1323 |   4 | 1343.2 |
    Slime Pits |   4132 |   4060 |     72 |    720 |   1336 |   5 |  826.4 |
  Orcish Mines |   2665 |   1954 |    711 |    313 |    465 |   2 | 1332.5 |
   Elven Halls |   3950 |   3764 |    186 |    408 |   1372 |   3 | 1316.7 |
        Vaults |  10253 |   8641 |   1612 |   1062 |   3339 |   5 | 2050.6 |
         Crypt |   5094 |   4620 |    474 |   1105 |    913 |   3 | 1698.0 |
        Depths |   7790 |   6604 |   1186 |   1641 |   2022 |   4 | 1947.5 |
          Hell |   1086 |   1053 |     33 |    219 |    169 |   1 | 1086.0 |
       Gehenna |   6675 |   6675 |      0 |   2366 |   1200 |   7 |  953.6 |
       Cocytus |   1446 |   1446 |      0 |     25 |    481 |   5 |  289.2 |
      Tartarus |   6473 |   6345 |    128 |   1835 |   1444 |   7 |  924.7 |
           Zot |   9920 |   9296 |    624 |   3605 |   1374 |   5 | 1984.0 |
         Abyss |   5168 |   5168 |      0 |    117 |    106 |   9 |  574.2 |
      Ziggurat |   2803 |   2803 |      0 |    842 |    259 |  17 |  164.9 |
         Trove |    102 |    102 |      0 |      0 |      0 |   1 |  102.0 |
        Bailey |    725 |    725 |      0 |    332 |      0 |   1 |  725.0 |
      Gauntlet |    515 |    515 |      0 |    136 |      0 |   1 |  515.0 |
               +--------+--------+--------+--------+--------+-----+--------+

Top non-repeatable levels by time:
    D:12: 3872 daAuts
 Abyss:3: 3668 daAuts
   Tar:7: 3526 daAuts
   Zot:5: 3242 daAuts
   Geh:7: 3051 daAuts
    D:10: 2782 daAuts
    D:11: 2739 daAuts
Depths:2: 2541 daAuts
Vaults:5: 2539 daAuts
   Zot:3: 2310 daAuts
Shoals:4: 2297 daAuts
     D:9: 2273 daAuts
Depths:1: 2226 daAuts
 Crypt:3: 2186 daAuts
Spider:4: 2159 daAuts
